 Dungeon Crawl Stone Soup version 0.31-a0-986-g5e6e4ef867 (webtiles) character file.

Game seed: 13877071825457352664

8875861 waq the Grand Master (level 27, 273/273 HPs)
             Began as a Ghoul Hunter on Oct 27, 2023.
             Was an Elder of Nemelex Xobeh.
             Escaped with the Orb
             ... and 15 runes on Nov 15, 2023!
             The game lasted 1 day 02:45:55 (192094 turns).

waq the Grand Master (Ghoul Hunter)           Turns: 192094, Time: 1 , 02:45:56

Health: 273/273    AC: 34    Str: 20      XL:     27
Magic:  30/30      EV: 34    Int:  9 (12) God:    Nemelex Xobeh [****..]
Gold:   6145       SH:  0    Dex: 22 (23) Spells: 31/48 levels left

rFire   + +          +
                       - Unarmed
rCold   + + .        (no shield)
rNeg    + + +        K - +4 fire dragon scales
rPois   ∞            m - +2 hat "Liebu" {Int+4}
rElec   +            M - +0 cloak "Fihis" {rF+ Str+3}
rCorr   .            r - +2 pair of gloves "Toicaepn" {rC++ Regen+ Dex-2 Stlth+}
SInv    +            I - +2 pair of boots {Fly}
Will    ++++.        V - amulet "Ikhafumm" {Regen+ Stlth+}
Stlth   ++++         a - ring "Kudock" {rElec EV+5 Str-2 Int+4 Slay+2}
HPRegen 2.25/turn    u - ring "Wampus" {Will++ MP-9 Dex+3 SInv Stlth+, @P2>}
MPRegen 0.22/turn

%: no passive effects
@: flying, studying 6 skills
A: claws 1, cold resistance 1, negative energy resistance 3, inhibited
regeneration, torment resistance 2, devour on kill
0: Orb of Zot
}: 15/15 runes: serpentine, barnacled, slimy, silver, golden, iron, obsidian,
icy, bone, abyssal, demonic, glowing, magical, fiery, dark
a: Renounce Religion, Draw Escape, Draw Destruction, Draw Summoning, Triple
Draw, Deal Four


You escaped.
You worshipped Nemelex Xobeh.
Nemelex Xobeh was greatly pleased with you.
You visited 17 branches of the dungeon, and saw 87 of its levels.
You visited Pandemonium 1 time, and saw 13 of its levels.
You visited the Abyss 1 time.
You also visited: Trove and Ice Cave.

You collected 18619 gold pieces.
You spent 12474 gold pieces at shops.

Inventory:

Hand Weapons
 b - the +8 storm bow {elec, penet}
   (You found it on level 1 of the Tomb of the Ancients)
 o - the +3 long sword "Grim" {flame, +Blink rCorr Stlth+}
   (You found it on level 1 of the Tomb of the Ancients)

   +Blink:    It lets you blink.
   rCorr:     It protects you from acid and corrosion.
   Stlth+:    It makes you more stealthy.
 q - the +4 shortbow of Destruction {elec, Int+3 Stlth+}
   (You found it on level 3 of the Elven Halls)

   Int+3:     It affects your intelligence (+3).
   Stlth+:    It makes you more stealthy.
 w - the +11 orcbow "Jur Fit" {antimagic, rElec}
   (You found it on level 3 of the Crypt)

   rElec:     It insulates you from electricity.
Missiles
 l - 2 throwing nets {!f}
 J - 6 silver javelins
Armour
 c - a +2 hat of willpower
 m - the +2 hat "Liebu" (worn) {Int+4}
   (You found it on level 1 of the Depths)

   Int+4:     It affects your intelligence (+4).
 r - the +2 pair of gloves "Toicaepn" (worn) {rC++ Regen+ Dex-2 Stlth+}
   (You acquired it on level 15 of the Dungeon)

   Dex-2:     It affects your dexterity (-2).
   rC++:      It greatly protects you from cold.
   Regen+:    It increases your rate of health regeneration.
   Stlth+:    It makes you more stealthy.
 C - a +1 cloak of preservation
 I - a +2 pair of boots of flying (worn)
 K - +4 fire dragon scales (worn)
 M - the +0 cloak "Fihis" (worn) {rF+ Str+3}
   (You found it on level 4 of the Depths)

   Str+3:     It affects your strength (+3).
   rF+:       It protects you from fire.
Jewellery
 a - the ring "Kudock" (left hand) {rElec EV+5 Str-2 Int+4 Slay+2}
   (You found it on level 7 of Cocytus)

   [ring of evasion]

   EV+5:      It affects your evasion (+5).
   Str-2:     It affects your strength (-2).
   Int+4:     It affects your intelligence (+4).
   Slay+2:    It affects your accuracy & damage with ranged weapons and melee
   (+2).
   rElec:     It insulates you from electricity.
 s - the ring "Vouth" {rElec EV+5 Str+3 Stlth-}
   (You took it off a deep elf demonologist on level 5 of the Vaults)

   [ring of evasion]

   EV+5:      It affects your evasion (+5).
   Str+3:     It affects your strength (+3).
   rElec:     It insulates you from electricity.
   Stlth-:    It makes you less stealthy.
 t - the ring "Deuky" {rPois Int+6 Dex+3}
   (You took it off a balrug on level 7 of Gehenna)

   [ring of intelligence]

   Int+6:     It affects your intelligence (+6).
   Dex+3:     It affects your dexterity (+3).
   rPois:     It protects you from poison
 u - the ring "Wampus" (right hand) {Will++ MP-9 Dex+3 SInv Stlth+, @P2>}
   (You bought it in a shop on level 3 of the Snake Pit)

   [ring of see invisible]

   Dex+3:     It affects your dexterity (+3).
   Will++:    It greatly increases your willpower.
   MP-9:      It affects your magic capacity (-9).
   SInv:      It lets you see invisible.
   Stlth+:    It makes you more stealthy.
 v - the ring of Honesty {rElec rC+}
   (You bought it in a shop on level 1 of the Snake Pit)

   [ring of protection from cold]

   rC+:       It protects you from cold.
   rElec:     It insulates you from electricity.
 D - the ring of the Hart {Will+ Str+2 Slay+6, @P1>}
   (You took it off a vault guard on level 5 of the Vaults)

   [ring of willpower]

   Str+2:     It affects your strength (+2).
   Slay+6:    It affects your accuracy & damage with ranged weapons and melee
   (+6).
   Will+:     It increases your willpower.
 N - the ring "Meug Met" {rC++ rN+ Str+6}
   (You found it on level 7 of Tartarus)

   [ring of strength]

   Str+6:     It affects your strength (+6).
   rC++:      It greatly protects you from cold.
   rN+:       It protects you from negative energy.
 R - a ring of resist corrosion
 V - the amulet "Ikhafumm" (around neck) {Regen+ Stlth+}
   (You acquired it on level 15 of the Dungeon)

   [amulet of regeneration]

   Regen+:    It increases your rate of health regeneration.
   Stlth+:    It makes you more stealthy.
Wands
 n - a wand of iceblast (27)
 L - a wand of light (16)
 O - a wand of paralysis (45)
 P - a wand of polymorph (42)
Scrolls
 f - 8 scrolls of blinking
 g - 16 scrolls of teleportation
 h - 2 scrolls of revelation
 y - 9 scrolls of fog
 B - 6 scrolls of butterflies
 F - 10 scrolls of fear
 G - 9 scrolls of poison
 H - 11 scrolls of immolation
 T - 4 scrolls of silence
Potions
 d - a potion of haste
 e - 7 potions of heal wounds
 x - 3 potions of magic
 z - 11 potions of curing
 A - 5 potions of cancellation
 E - 5 potions of attraction
 Q - 5 potions of resistance
 S - 9 potions of enlightenment
 W - 6 potions of invisibility
 X - 11 potions of brilliance
 Y - a potion of ambrosia {@q2}
 Z - 4 potions of might
Miscellaneous
 j - a box of beasts
 k - a lightning rod (4/4)
 p - a phantom mirror
 U - the horn of Geryon {@v2}


   Skills:
 O Level 27 Fighting
 - Level 3.6 Ranged Weapons
 O Level 27 Armour
 O Level 27 Dodging
 - Level 21.6 Stealth
 O Level 27 Unarmed Combat
 + Level 11.0 Spellcasting
 + Level 11.9 Translocations
 + Level 6.6 Air Magic
 O Level 27 Invocations
 + Level 13.2 Evocations


You had 31 spell levels left.
You knew the following spells:

 Your Spells              Type           Power      Damage    Failure   Level
e - Blink                 Tloc           52%        N/A       1%          2
j - Manifold Assault      Tloc           26%        N/A       1%          4
D - Apportation           Tloc           52%        N/A       1%          1
H - Passage of Golubria   Tloc           26%        N/A       1%          4
I - Vhi's Electric Charg  Tloc/Air       42%        N/A       4%          4
Z - Lesser Beckoning      Tloc           52%        N/A       1%          2

Your spell library contained the following spells:

 Spells                   Type           Power      Damage    Failure   Level
 Gell's Gravitas          Tloc           26%        N/A       1%          3
 Teleport Other           Tloc           26%        N/A       1%          3
 Momentum Strike          Conj/Tloc      30%        3d8       2%          2
 Swiftness                Air            16%        N/A       4%          3
 Shock                    Conj/Air       40%        1d5       5%          1
 Volatile Blastmotes      Fire/Tloc      30%        2d12      5%          3
 Poisonous Vapours        Pois/Air       20%        N/A       9%          2
 Airstrike                Air            8%         2d(2-18)  14%         4
 Dimensional Bullseye     Hex/Tloc       7%         N/A       19%         4
 Iskenderun's Mystic Bla  Conj/Tloc      15%        2d5       19%         4
 Foxfire                  Conj/Fire      16%        2x1d4     22%         1
 Freeze                   Ice            16%        1d4       22%         1
 Kiss of Death            Conj/Necr      16%        2d6       22%         1
 Magic Dart               Conj           16%        1d3       22%         1
 Necrotise                Necr           16%        1d4       22%         1
 Sandblast                Erth           8%         2d5       22%         1
 Slow                     Hex            16%        N/A       22%         1
 Sting                    Tmut/Pois      16%        1d3       22%         1
 Summon Small Mammal      Summ           16%        N/A       22%         1
 Mephitic Cloud           Conj/Pois/Air  8%         N/A       26%         3
 Dispersal                Tloc           13%        N/A       26%         6
 Ensorcelled Hibernation  Hex/Ice        8%         N/A       32%         2
 Jinxbite                 Hex            8%         N/A       32%         2
 Passwall                 Tmut/Erth      3%         N/A       32%         2
 Scorch                   Fire           8%         2d5       32%         2
 Searing Ray              Conj           8%         2d4       32%         2
 Summon Forest            Summ/Tloc      7%         N/A       45%         5
 Summon Lightning Spire   Summ/Air       10%        N/A       50%         4
 Call Canine Familiar     Summ           4%         N/A       54%         3
 Confusing Touch          Hex            4%         N/A       54%         3
 Dazzling Flash           Conj/Hex       8%         N/A       54%         3
 Hailstorm                Conj/Ice       4%         3d4       54%         3
 Ignite Poison            Fire/Tmut/Pois 4%         N/A       54%         3
 Inner Flame              Hex/Fire       4%         N/A       54%         3
 Ozocubu's Armour         Ice            4%         N/A       54%         3
 Sigil of Binding         Hex            4%         N/A       54%         3
 Stone Arrow              Conj/Erth      8%         3d7       54%         3
 Summon Guardian Golem    Hex/Summ       4%         N/A       54%         3
 Tukima's Dance           Hex            4%         N/A       54%         3
 Vampiric Draining        Necr           4%         2d6       54%         3
 Arcjolt                  Conj/Air       5%         1d15      83%         5
 Silence                  Hex/Air        5%         N/A       83%         5
 Anguish                  Hex/Necr       2%         N/A       91%         4
 Animate Armour           Summ/Erth      8%         N/A       91%         4
 Animate Dead             Necr           4%         N/A       91%         4
 Brom's Barrelling Bould  Conj/Erth      4%         2d3       91%         4
 Cause Fear               Hex            2%         N/A       91%         4
 Dispel Undead            Necr           4%         3d7       91%         4
 Flame Wave               Conj/Fire      4%         2d5       91%         4
 Fulminant Prism          Conj/Hex       2%         3d5       91%         4
 Leda's Liquefaction      Hex/Erth       2%         N/A       91%         4
 Olgreb's Toxic Radiance  Pois           4%         N/A       91%         4
 Sticky Flame             Conj/Fire      4%         2d3       91%         4
 Summon Ice Beast         Ice/Summ       4%         N/A       91%         4
 Freezing Cloud           Conj/Ice/Air   4%         6-21      94%         5
 Agony                    Necr           4%         N/A       99%         5
 Alistair's Intoxication  Tmut/Pois      2%         N/A       99%         5
 Borgnjor's Vile Clutch   Necr/Erth      2%         N/A       99%         5
 Fireball                 Conj/Fire      2%         3d4       99%         5
 Iskenderun's Battlesphe  Conj           4%         2d6       99%         5
 Lee's Rapid Deconstruct  Erth           2%         3d4*      99%         5
 Metabolic Englaciation   Hex/Ice        2%         N/A       99%         5
 Summon Mana Viper        Hex/Summ       4%         N/A       99%         5
 Yara's Violent Unravell  Hex/Tmut       2%         3d3       99%         5
 Bombard                  Conj/Erth      2%         9d1       100%        6
 Death Channel            Necr           2%         N/A       100%        6
 Eringya's Noxious Bog    Tmut/Pois      2%         4d6       100%        6
 Plasma Beam              Fire/Air       5%         2x1d15    100%        6
 Simulacrum               Ice/Necr       2%         N/A       100%        6
 Starburst                Conj/Fire      2%         6d3       100%        6
 Summon Cactus Giant      Summ           2%         N/A       100%        6
 Enfeeble                 Hex            2%         N/A       100%        7
 Spellforged Servitor     Conj/Summ      2%         N/A       100%        7
 Summon Hydra             Summ           2%         N/A       100%        7
 Discord                  Hex            2%         N/A       100%        8
 Disjunction              Tloc           13%        N/A       100%        8
 Ignition                 Fire           2%         3d3       100%        8
 Lehudib's Crystal Spear  Conj/Erth      2%         10d2      100%        8
 Maxwell's Capacitive Co  Air            8%         ∞         100%        8
 Chain Lightning          Conj/Air       5%         3d6       100%        9
 Dragon's Call            Summ           2%         N/A       100%        9
 Sublimation of Blood     Necr           Unusable   N/A       N/A         2
 Wereblood                Tmut           Unusable   N/A       N/A         2

Dungeon Overview and Level Annotations

Branches:
Dungeon (15/15)            Temple (0/1) D:6            Lair (5/5) D:8
 Shoals (4/4) Lair:3        Snake (4/4) Lair:3        Slime (5/5) Lair:5
    Orc (2/2) D:9             Elf (3/3) Orc:2        Vaults (5/5) D:14
  Crypt (3/3) Vaults:3       Tomb (3/3) Crypt:3      Depths (4/4) D:15
   Hell (visited)             Dis (7/7) Hell            Geh (7/7) Hell
    Coc (7/7) Hell            Tar (7/7) Hell            Zot (5/5) Depths:4
  IceCv (visited)

Altars:
Ashenzari
Dithmenos
Fedhas
Gozag
Kikubaaqudgha
Nemelex Xobeh
Okawaru
Vehumet
Wu Jian
Yredelemnul
Jiyva

Shops:
D:8 :   D:9 :=[   D:14 :   Orc:1 [   Orc:2 [![!   Elf:1 [*?[   Elf:2 !
Elf:3 ?*   Snake:1 =   Snake:3 ::=   Vaults:1 (   Vaults:2 *   Depths:1 [(?==

Portals:
Hell: Depths:1 Depths:2 Depths:3 Depths:4
Abyss: Depths:3
Pandemonium: Depths:2 Depths:3
Ziggurat: Depths:3

Annotations:
D:2 1 runed translucent door, Crazy Yiuf
D:13 3 runed translucent doors, exclusion: 3 doors, Alealo Viph's ghost, journeyman TrFi
Orc:2 Bai Suzhen
Elf:2 5 runed translucent doors, exclusion: 5 doors
Vaults:1 exclusion: 2 doors, Zenata
Tomb:1 3 exclusions
Depths:1 exclusion: orange crystal statue
Depths:3 1 runed translucent door, exclusion: door
Dis:7 Dispater
Geh:1 1 exclusion
Geh:4 36 runed doors
Geh:7 5 exclusions
Tar:1 2 exclusions
Tar:2 1 exclusion
Zot:2 exclusion: downstairs


Innate Abilities, Weirdness & Mutations

You are immune to poison.
You have sharp fingernails.
Your flesh is cold resistant. (rC+)
You are immune to negative energy. (rN+++)
You do not regenerate when monsters are visible.
You are immune to unholy pain and torment.
You thrive by killing the living.


Message History

Attack: -) Nothing wielded
Press: ? - help, Dir - move target, f/p - hell hog
Aim: a hell hog (heavily wounded, catching its breath, about 17% to evade your hands)
You punch the hell hog!
The hell hog is severely wounded.
The hell hog closely misses you. The hell hog misses you.
Unknown command.
Attack: -) Nothing wielded
Press: ? - help, Dir - move target, f/p - hell hog
Aim: a hell hog (severely wounded, catching its breath, about 17% to evade your hands)
You pummel the hell hog!!
You kill the hell hog!
The hell hog barely misses you.
Unknown command.
Attack: -) Nothing wielded
Press: ? - help, Dir - move target, f - hell hog
Aim: a hell hog (about 17% to evade your hands)
You pummel the hell hog like a punching bag!!!
You kill the hell hog!
Unknown command.
Attack: -) Nothing wielded
Press: ? - help, Dir - move target, f - you That would be overly suicidal.
Okay, then.
Attack: -) Nothing wielded
Press: ? - help, Dir - move target, f - you That would be overly suicidal.
Okay, then.
Attack: -) Nothing wielded
Press: ? - help, Dir - move target, f - you That would be overly suicidal.
Okay, then.
Aiming: Dig
Press: ? - help, Shift-Dir - straight line A rock wall.
This square is covered in magical glow.
The rock shatters into small pieces.
The now-empty wand crumbles to dust.
There is a staircase leading out of the dungeon here.
You can't go down here!
You have escaped!

..##.###.#(..(.#(..#...........#
..##.###.#..8..'(@...###.#.....#
..##.....#(((((#...#.###.###.###
..##.....#((((.#...#.....###.#
..##.....##...###.##......##.#
#....###..#.((# ####......##.#
#.........##.## #......##.######
#.....÷...)#'# #..............#
#.#......#)..# #......##.####.#
.........#)### #......##.# #.#
........##.#### #......##.####.#
##.#.....#....# #......>.......#
..)......#.##.# #......#........
.#.#.....#.#..## ######.#......##
...............##########.#......##
##.#....>.......##........#..###.##
##.#.##..#.###.######.##..#..# #.##


There were no monsters in sight!

Vanquished Creatures
  Cerebov (Pan)
  Antaeus (Coc:7)
  Asmodeus (Geh:7)
  the Royal Jelly (Slime:5)
  Ereshkigal (Tar:7)
  the Serpent of Hell (Dis:7)
  Gloorx Vloq (Pan)
  Lom Lobon (Pan)
  5 dread liches
  7 ancient liches
  Mara (Shoals:3)
  5 orbs of fire
  Mennas (Vaults:4)
  34 royal mummies
  Vv (Zot:4)
  4 shard shrikes
  11 Killer Klowns
  Margery (Crypt:1)
  3 curse toes (Zot:3)
  22 caustic shrikes
  Vashnia (Snake:2)
  Geryon (Hell)
  7 golden dragons
  7 profane servitors
  Jory (Vaults:2)
  25 bone dragons
  8 doom hounds
  15 Brimstone Fiends
  19 Tzitzimimeh
  2 pandemonium lords (Pan)
  2 spectral shard shrikes (Tar:2)
  9 hellephants
  Jorgrun (Shoals:3)
  6 iron giants
  2 electric golems (Zot:5)
  26 Orb Guardians
  16 Ice Fiends
  11 Hell Sentinels
  Mlioglotl (Shoals:2)
  14 liches
  A walking crystal tome (Depths:3)
  17 tainted leviathans
  13 tentacled monstrosities
  A shard shrike skeleton (Crypt:1)
  A walking earthen tome (Depths:3)
  Grunn (Zot:4)
  13 titans
  18 searing wretches
  2 deep elf master archers (Elf:3)
  5 quicksilver dragons
  17 acid blobs
  5 death cobs
  2 deep elf blademasters (Elf:3)
  Polyphemus (Shoals:2)
  25 ancient champions
  21 Executioners
  11 sphinxes
  3 tentacled starspawn (Abyss:4)
  2 thorn hunters
  Agnes (Elf:1)
  Kirke (Lair:2)
  A kraken (Shoals:2)
  14 shadow dragons
  Roxanne (Elf:1)
  5 draconian monks
  10 storm dragons
  A daeva (Shoals:4)
  Donald (Elf:1)
  8 tengu reavers
  5 revenants
  Aizul (Shoals:3)
  6 nagarajas
  20 azure jellies
  19 fire giants
  8 rockslimes
  A fenstrider witch (Shoals:2)
  2 demonspawn warmongers (Pan)
  3 iron dragons
  13 quicksilver elementals
  An emperor scorpion (Zot:2)
  6 draconian knights
  35 narguns
  6 spectral caustic shrikes
  33 balrugs
  11 vault wardens
  12 draconian scorchers
  6 draconian shifters
  3 ghouls
  5 deep elf elementalists (Elf:3)
  7 shard shrike simulacra
  7 deep elf sorcerers (Elf:3)
  3 curse skulls
  A ghost moth (Zot:3)
  18 frost giants
  2 draconian stormcallers
  12 reapers
  12 cacodemons
  3 demonspawn corrupters (Pan)
  15 ironbound preservers
  38 war gargoyles
  A juggernaut skeleton (Pan)
  2 orc warlords (Orc:2)
  2 spriggan defenders (Depths:3)
  8 draconian annihilators
  8 quicksilver oozes
  9 very ugly things
  9 formless jellyfish
  17 elemental wellsprings
  10 ironbound thunderhulks
  6 demonspawn black suns
  20 stone giants
  12 lorocyprocas
  11 red draconians
  2 eleionomae (Shoals:1)
  5 deep elf demonologists
  12 vampire knights
  41 putrid mouths
  The ghost of Zyxuithu the Black Belt, a journeyman MeSh (Lair:4)
  13 purple draconians
  8 black draconians
  5 green draconians
  22 wendigos
  12 yellow draconians
  A bunyip (Shoals:4)
  10 bennus
  13 white draconians
  6 deep elf annihilators
  A dire elephant (Lair:5)
  A bunyip (shapeshifter) (Vaults:5)
  7 blizzard demons (Pan)
  16 iron golems
  2 minotaurs
  7 eidola
  9 green deaths (Pan)
  5 jiangshi
  4 crystal guardians
  20 mummy priests
  12 merfolk impalers
  12 deep elf death magi
  An acid blob zombie (Crypt:1)
  13 merfolk javelineers
  6 fire dragons
  2 spectral quicksilver dragons
  11 ettins
  4 spectral spriggans
  6 entropy weavers
  8 deep elf high priests
  20 yaktaur captains
  10 great orbs of eyes
  15 salamander tyrants
  2 spriggan zombies
  5 ice dragons
  4 peacekeepers
  7 hydras
  A quicksilver dragon skeleton (Tomb:1)
  A fenstrider witch zombie (Crypt:3)
  27 vault guards
  3 spriggan skeletons
  4 spriggan air magi
  3 juggernaut simulacra
  3 catoblepae
  6 rakshasas
  8 caustic shrike simulacra
  4 anacondas
  2 merfolk avatars
  2 ogre magi
  An alligator (Snake:3)
  A death knight (D:14)
  2 hell beasts
  5 stokers (Geh:7)
  6 boulder beetles
  12 ironbound frosthearts
  7 merfolk aquamancers
  9 centaur warriors
  5 satyrs
  8 two-headed ogres
  8 tengu warriors
  2 sphinx skeletons
  15 dancing weapons
  9 death yaks
  10 naga warriors
  5 vampire magi
  5 deep troll shamans
  68 death scarabs
  56 hell hogs
  12 demonic crawlers (Pan)
  2 spectral dire elephants
  8 deep troll earth magi
  6 thrashing horrors
  14 naga sharpshooters
  9 occultists
  3 spectral nagas
  8 shock serpents
  A titan zombie (Crypt:3)
  3 spriggans
  2 spriggan berserkers (Depths:4)
  56 sun demons
  A titan skeleton (Pan)
  12 deep elf knights
  5 wretched stars
  Nergalle (Lair:3)
  5 crystal echidnas
  7 skysharks
  24 soul eaters
  5 salamander mystics (Snake:4)
  32 shadow wraiths
  32 hell knights
  7 iron trolls
  23 skeletal warriors
  A spectral spark wasp (Depths:4)
  An iron troll (shapeshifter) (Vaults:4)
  4 cherubim
  A goliath frog (Snake:3)
  2 spatial maelstroms
  2 storm dragon skeletons
  An anaconda zombie (Crypt:3)
  9 sixfirhies
  29 deep trolls
  4 quicksilver dragon simulacra
  15 sea snakes
  3 swamp dragons (Snake:3)
  2 spectral hydras
  2 flayed ghosts
  A bunyip skeleton (Tomb:1)
  4 bog bodies
  11 arcanists
  2 obsidian statues
  A fenstrider witch simulacrum (Crypt:1)
  17 deep elf archers
  6 glowing orange brains
  6 spriggan simulacra
  8 naga ritualists
  13 ironbound convokers
  8 orc knights
  A stone giant zombie (Vaults:4)
  9 harpies (Shoals:2)
  15 phantasmal warriors
  2 anaconda skeletons
  26 deep elf pyromancers
  24 necromancers
  A frost giant zombie (Vaults:4)
  7 lindwurms
  20 deep elf zephyrmancers
  An oklob plant (Lair:1)
  16 mana vipers
  An iron dragon zombie (Crypt:2)
  2 shadow dragon skeletons
  2 spectral ettins (Tar:1)
  An alligator skeleton (Crypt:1)
  7 shining eyes
  34 ugly things
  12 salamanders
  11 cyclopes
  4 orc sorcerers
  A fire giant skeleton (Vaults:3)
  13 manticores
  6 elephants
  19 moths of wrath
  A tengu skeleton (Hell)
  27 fauns
  5 centaur zombies
  4 merfolk sirens
  A worldbinder (Abyss:4)
  2 naga zombies (Crypt:3)
  A spectral alligator snapping turtle (Tar:1)
  7 rust devils
  40 black mambas
  27 smoke demons
  2 titan simulacra
  13 molten gargoyles
  2 apocalypse crabs (Abyss:4)
  23 vault sentinels
  13 cane toads
  An elephant (shapeshifter) (Depths:4)
  2 eyes of devastation
  7 water nymphs
  9 guardian serpents
  17 orange demons
  14 naga magi
  2 torpor snails (Lair:4)
  A storm dragon simulacrum (Crypt:1)
  4 ice statues (Coc:7)
  4 dire elephant skeletons
  2 gargoyles
  4 human zombies (Vaults:4)
  A kobold demonologist (D:14)
  8 efreet
  6 unseen horrors
  23 hellions
  3 centaur skeletons
  4 rime drakes
  A pale draconian skeleton (Crypt:1)
  4 bunyip simulacra
  21 tormentors
  15 anaconda simulacra
  39 freezing wraiths
  3 ice devils (IceCv)
  An iron giant simulacrum (Coc:7)
  33 yaktaurs
  50 guardian mummies
  8 komodo dragons
  A black draconian skeleton (Crypt:2)
  4 human skeletons
  2 ancient zymes
  A golden dragon simulacrum (IceCv)
  3 red devils
  8 trolls
  3 tyrant leeches (Snake:3)
  3 silent spectres
  2 spectral harpies
  A yaktaur skeleton (Vaults:1)
  14 merfolk
  A queen bee (Orc:1)
  A spectral deep troll (Tar:1)
  An unseen horror skeleton (Crypt:2)
  4 polar bears
  18 hellwings (Pan)
  A hornet (shapeshifter) (Elf:3)
  4 meliai
  5 alligator simulacra (IceCv)
  4 hornets
  2 harpy skeletons
  2 tengu simulacra
  2 raiju (Abyss:4)
  23 blink frogs
  6 wind drakes
  5 glass eyes
  Grinder (D:5)
  An ettin zombie (Tomb:3)
  9 dream sheep
  A dream sheep (shapeshifter) (Depths:3)
  A radroach zombie (Crypt:1)
  9 snapping turtles
  A fire giant simulacrum (Vaults:3)
  2 stone giant simulacra
  8 centaur simulacra
  2 ice dragon zombies
  106 slime creatures
  A culicivora (Vaults:5)
  54 flying skulls
  An ice dragon skeleton (Pan)
  7 ynoxinuls
  5 air elementals
  3 dire elephant simulacra
  A spectral black mamba (Tar:1)
  A shadow (D:12)
  20 ushabtiu
  5 wyverns
  6 vampires
  30 large abominations
  7 wraiths
  A slime creature zombie (Crypt:2)
  33 water elementals
  4 hogs
  A human (shapeshifter) (D:15)
  13 golden eyes
  45 yaks
  An alligator snapping turtle simulacrum (Coc:2)
  3 black mamba skeletons
  3 redbacks
  4 basilisks
  A fire bat (Abyss:2)
  3 fire elementals
  5 steam dragons
  15 vampire mosquitoes
  13 neqoxecs
  5 chaos spawn (Pan)
  3 wargs
  32 nagas
  A minotaur simulacrum (IceCv)
  An acid dragon (D:12)
  Menkaure (D:4)
  15 harpy simulacra
  A spatial vortex (Abyss:4)
  6 swamp worms
  A water nymph skeleton (Crypt:2)
  14 water moccasins
  2 hydra simulacra
  A water moccasin (shapeshifter) (D:13)
  2 naga skeletons (Pan)
  A sky beast (D:8)
  A black bear (D:5)
  48 orc warriors
  A black mamba simulacrum (Crypt:1)
  7 ettin simulacra
  An ice dragon simulacrum (Crypt:1)
  13 ogres
  A fire dragon simulacrum (Crypt:1)
  20 starcursed masses (Abyss:4)
  11 wolves
  20 centaurs
  A dream sheep skeleton (Crypt:1)
  10 bullfrogs
  3 deep troll simulacra
  3 kobold brigands (D:14)
  2 gnoll sergeants
  4 naga simulacra
  4 necrophages
  A draconian skeleton (Crypt:1)
  3 scorpions
  4 earth elementals
  5 wights
  4 small abominations
  Dowan (D:7)
  29 killer bees
  4 lindwurm simulacra (IceCv)
  8 howler monkeys
  A shapeshifter skeleton (Crypt:2)
  11 electric eels
  4 hounds
  4 gnoll boudas
  14 orc priests
  9 iron imps
  A sleepcap (D:3)
  2 iguanas (D:5)
  27 orc wizards
  A boggart skeleton (D:14)
  An acid dragon zombie (Crypt:1)
  An acid dragon skeleton (Crypt:2)
  43 mummies
  Robin (D:4)
  28 gnolls
  5 adders
  3 shadow imps
  2 white imps
  2 ufetubi (D:6)
  A worm zombie (Crypt:2)
  2 worms
  4 dart slugs
  92 orcs
  7 endoplasms
  2 giant cockroaches
  16 goblins
  7 hobgoblins
  12 jackals
  6 quokkas
  13 ball pythons
  10 bats
  3 frilled lizards
  A jackal skeleton (Crypt:2)
  10 kobolds
  An orc skeleton (Crypt:1)
  4 rats
  5 creeping infernos
  A fire vortex (Geh:1)
  2 lurking horrors (Abyss:4)
  2 tentacles (Shoals:2)
3892 creatures vanquished.

Vanquished Creatures (collateral kills)
  A caustic shrike (Dis:5)
  A bone dragon (Tar:7)
  A frost giant (Depths:3)
  A stone giant (Depths:2)
  A vault guard (Vaults:4)
  2 shadow wraiths (Tar:7)
  A large abomination (Pan)
  A komodo dragon (D:7)
  A tormentor (Dis:5)
  A ynoxinul (Pan)
  Duvessa (D:7)
  2 orc warriors (Orc:2)
  A ball lightning (Pan)
15 creatures vanquished.

Vanquished Creatures (others)
  Mnoleg (Pan)
  An ancient lich (Geh:3)
  A tentacled monstrosity (Pan)
  A draconian knight (Zot:5)
  A shard shrike simulacrum (Coc:4)
  A war gargoyle (Dis:7)
  A cacodemon (Pan)
  2 juggernaut simulacra
  3 caustic shrike simulacra
  3 large abominations (Pan)
  2 quicksilver dragon simulacra
  2 spriggan simulacra (Coc:4)
  A deep elf pyromancer (Elf:1)
  A manticore (Lair:5)
  A titan simulacrum (Coc:6)
  2 bunyip simulacra (Coc:2)
  2 anaconda simulacra (Coc:6)
  A tormentor (Geh:7)
  4 raiju (Abyss:2)
  A ynoxinul (Abyss:2)
  A naga simulacrum (Hell)
  2 water elementals (Depths:4)
  A dire elephant simulacrum (Coc:4)
  A human (Lair:3)
  3 neqoxecs (Pan)
  5 golden eyes (Pan)
  7 harpy simulacra
  An ettin simulacrum (Coc:5)
  A small abomination (Abyss:2)
  2 orcs (Orc:1)
  11 ball lightnings (Pan)
  A creeping inferno (Geh:1)
  7 starspawn tentacles
  2 tentacles (Shoals:2)
77 creatures vanquished.

Grand Total: 3984 creatures vanquished

Notes
Turn   | Place    | Note
-------+----------+-------------------------------------------
     0 | D:1      | waq the Ghoul Hunter began the quest for the Orb.
     0 | D:1      | Reached XP level 1. HP: 17/17 MP: 0/0
   134 | D:1      | Reached XP level 2. HP: 24/25 MP: 1/1
   399 | D:1      | Reached skill level 1 in Unarmed Combat
   469 | D:1      | Reached skill level 1 in Armour
   501 | D:1      | Increase (s)trength, (i)ntelligence, or (d)exterity?
   501 | D:1      | Reached XP level 3. HP: 24/30 MP: 2/2
  1064 | D:2      | Found a sparkling altar of Nemelex Xobeh.
  1152 | D:2      | Reached XP level 4. HP: 37/37 MP: 3/3
  2015 | D:2      | Found a runed translucent door.
  2016 | D:2      | Noticed Crazy Yiuf
  2391 | D:3      | Reached XP level 5. HP: 5/45 MP: 4/4
  2677 | D:3      | Found a blossoming altar of Fedhas.
  2678 | D:3      | Found an opulent altar of Gozag.
  2685 | D:3      | Found a broken altar of Ashenzari.
  2686 | D:3      | Found a sparkling altar of Nemelex Xobeh.
  2686 | D:3      | Found an ornate altar of the Wu Jian Council.
  2686 | D:3      | Found an ancient bone altar of Kikubaaqudgha.
  2714 | D:3      | Became a worshipper of Nemelex Xobeh the Trickster
  2734 | D:3      | Reached skill level 1 in Invocations
  2951 | D:3      | Reached XP level 6. HP: 36/52 MP: 4/6
  4661 | D:4      | Noticed Menkaure
  4709 | D:4      | Reached * piety under Nemelex Xobeh
  4974 | D:4      | Noticed Robin
  4984 | D:4      | Killed Robin
  5338 | D:4      | Received a gift from Nemelex Xobeh
  6127 | D:4      | Reached XP level 7. HP: 59/59 MP: 7/7
  6404 | D:4      | Killed Menkaure
  6510 | D:5      | Entered Level 5 of the Dungeon
  6660 | D:5      | Noticed a gargoyle
  6689 | D:5      | Killed a gargoyle
  6690 | D:5      | Reached skill level 5 in Fighting
  6690 | D:5      | Reached XP level 8. HP: 20/68 MP: 9/9
  7133 | D:5      | Noticed Grinder
  7165 | D:5      | Killed Grinder
  7166 | D:5      | Reached skill level 5 in Unarmed Combat
  7969 | D:6      | Received a gift from Nemelex Xobeh
  8115 | D:6      | Reached ** piety under Nemelex Xobeh
  8172 | D:6      | Reached skill level 5 in Invocations
  8267 | D:6      | Found a staircase to the Ecumenical Temple.
  8404 | D:6      | Increase (s)trength, (i)ntelligence, or (d)exterity?
  8404 | D:6      | Reached XP level 9. HP: 78/78 MP: 11/11
  8816 | D:5      | Reached skill level 5 in Armour
  9009 | D:6      | Received a gift from Nemelex Xobeh
  9116 | D:7      | Noticed Duvessa
  9118 | D:7      | Noticed Dowan
  9566 | D:7      | Killed Dowan
  9583 | D:7      | Killed Duvessa
 10576 | D:7      | HP: 2/78 [gnoll sergeant/+0 spear (8)]
 11701 | D:8      | Reached *** piety under Nemelex Xobeh
 12207 | D:8      | Found Celoihor's Tremendous Tomes.
 12507 | D:8      | Noticed a two-headed ogre
 12540 | D:8      | Killed a two-headed ogre
 12541 | D:8      | Reached XP level 10. HP: 88/88 MP: 12/14
 14904 | D:8      | Found a staircase to the Lair.
 15447 | D:9      | Received a gift from Nemelex Xobeh
 15621 | D:9      | Found Qocol's Book Shoppe.
 15688 | D:9      | Found a shadowy altar of Dithmenos.
 15699 | D:9      | Found Puack's Jewellery Shoppe.
 15789 | D:9      | Found a staircase to the Orcish Mines.
 15838 | D:9      | Found Urreihath's Armour Shoppe.
 17142 | D:10     | Entered Level 10 of the Dungeon
 17271 | D:10     | Received a gift from Nemelex Xobeh
 17463 | D:10     | Reached **** piety under Nemelex Xobeh
 17562 | D:10     | Noticed a two-headed ogre
 17565 | D:10     | Killed a two-headed ogre
 17747 | D:10     | Identified an amulet of magic regeneration
 17750 | D:10     | Received a gift from Nemelex Xobeh
 17864 | D:10     | Reached XP level 11. HP: 97/97 MP: 16/16
 18081 | D:11     | Noticed a boulder beetle
 18376 | D:12     | Identified the of Vexerie
 18376 | Lair:1   | Entered Level 1 of the Lair of Beasts
 18915 | Lair:1   | Noticed an oklob plant
 19542 | Lair:1   | Reached skill level 10 in Fighting
 20207 | Lair:1   | Reached skill level 10 in Unarmed Combat
 21481 | Lair:2   | Reached skill level 10 in Invocations
 21682 | Lair:2   | Reached XP level 12. HP: 54/108 MP: 18/18
 21682 | Lair:2   | Noticed a six-headed hydra
 21686 | Lair:2   | Killed a six-headed hydra
 23009 | Lair:2   | Received a gift from Nemelex Xobeh
 23474 | Lair:3   | Reached ***** piety under Nemelex Xobeh
 23932 | Lair:3   | Noticed a skyshark
 23936 | Lair:3   | a skyshark changed into a two-headed ogre
 23936 | Lair:3   | Noticed a two-headed ogre
 23938 | Lair:3   | Killed a two-headed ogre
 24663 | Lair:3   | Received a gift from Nemelex Xobeh
 24673 | Lair:3   | Found a staircase to the Shoals.
 25228 | Lair:3   | Noticed Kirke
 25265 | Lair:2   | Killed Kirke
 25942 | Lair:3   | Noticed Nergalle
 26803 | Lair:3   | Found a staircase to the Snake Pit.
 27019 | Lair:3   | Killed Nergalle
 27173 | Lair:3   | Received a gift from Nemelex Xobeh
 27196 | Lair:3   | Reached XP level 13. HP: 87/118 MP: 20/20
 27216 | Lair:3   | Reached skill level 10 in Armour
 28150 | Lair:4   | Found a runed translucent gate.
 28150 | Lair:4   | Found a runed translucent gate.
 28150 | Lair:4   | Found a runed translucent gate.
 28173 | Lair:4   | Noticed Zyxuithu's ghost (journeyman MeSh)
 28175 | Lair:4   | Noticed a minotaur
 28325 | Lair:4   | Received a gift from Nemelex Xobeh
 28716 | Lair:4   | Received a gift from Nemelex Xobeh
 29362 | Lair:5   | Entered Level 5 of the Lair of Beasts
 30103 | Lair:5   | Received a gift from Nemelex Xobeh
 30105 | Lair:5   | Found a staircase to the Slime Pits.
 31005 | Lair:5   | Noticed a dire elephant
 31015 | Lair:5   | Killed a dire elephant
 32352 | Lair:4   | Reached XP level 14. HP: 129/129 MP: 22/22
 32661 | Lair:5   | Reached skill level 5 in Dodging
 36032 | D:11     | Received a gift from Nemelex Xobeh
 37725 | D:12     | Received a gift from Nemelex Xobeh
 38399 | D:13     | Noticed Alealo Viph's ghost (journeyman TrFi)
 38400 | D:13     | Found a runed translucent gate.
 38400 | D:13     | Found a runed translucent gate.
 38400 | D:13     | Noticed a tengu reaver
 38401 | D:13     | Found a runed translucent gate.
 38962 | D:13     | Found an iron altar of Okawaru.
 40453 | D:14     | Found Temiag's Book Shoppe.
 40763 | D:14     | Increase (s)trength, (i)ntelligence, or (d)exterity?
 40763 | D:14     | Reached XP level 15. HP: 122/139 MP: 24/24
 40896 | D:14     | Received a gift from Nemelex Xobeh
 41419 | D:14     | Found the +18 Lear's hauberk
 43544 | D:14     | Received a gift from Nemelex Xobeh
 43552 | D:14     | Found a gate to the Vaults.
 43893 | D:15     | Entered Level 15 of the Dungeon
 44461 | D:15     | Noticed a tengu reaver
 44557 | D:15     | a tengu reaver changed into a stone giant
 44649 | D:15     | Reached skill level 15 in Fighting
 45823 | D:15     | Reached skill level 15 in Unarmed Combat
 46210 | D:15     | Found a staircase to the Depths.
 46217 | D:15     | Noticed a fire giant
 46257 | D:15     | Killed a fire giant
 46838 | Orc:1    | Entered Level 1 of the Orcish Mines
 46838 | Orc:1    | Found Umatih's Armour Emporium.
 47188 | D:9      | Reached skill level 15 in Invocations
 47481 | Orc:1    | Found Inathe's Jewellery Emporium.
 47624 | Orc:1    | Received a gift from Nemelex Xobeh
 47883 | Orc:2    | Entered Level 2 of the Orcish Mines
 48371 | Orc:2    | Received a gift from Nemelex Xobeh
 48478 | Orc:2    | Reached XP level 16. HP: 105/149 MP: 26/26
 48725 | Orc:2    | Found Miyn's Armour Shop.
 48725 | Orc:2    | Found Johuph's Distillery.
 48727 | Orc:2    | Found Inty's Armour Shoppe.
 48729 | Orc:2    | Found Moaraz's Distillery.
 48734 | Orc:2    | Bought a potion of curing for 48 gold pieces
 48930 | Orc:2    | Found the +4 robe of Folly {Brill Will-∞ Int+8}
 49707 | Orc:2    | Found a staircase to the Elven Halls.
 50091 | Orc:2    | Bought the +0 plate armour "Ycereeshrau" {rElec Regen+
                  | MP-9} for 345 gold pieces
 50096 | Orc:2    | Bought 2 potions of heal wounds for 160 gold pieces
 50096 | Orc:2    | Bought a potion of heal wounds for 80 gold pieces
 50096 | Orc:2    | Bought a potion of heal wounds for 80 gold pieces
 50096 | Orc:2    | Bought a potion of curing for 48 gold pieces
 50096 | Orc:2    | Bought a potion of curing for 48 gold pieces
 50099 | Orc:2    | Bought 2 potions of curing for 72 gold pieces
 50641 | Snake:1  | Entered Level 1 of the Snake Pit
 51952 | Snake:1  | Received a gift from Nemelex Xobeh
 53102 | Snake:1  | Received a gift from Nemelex Xobeh
 53201 | Snake:1  | Found Kyqapp's One-of-a-Kind Rings.
 53206 | Snake:1  | Bought the ring of Honesty {rElec rC+} for 585 gold pieces
 53660 | Snake:2  | Identified the +2 rapier "Leinn" {flame, rElec Str+3 Int+4}
 53898 | Snake:2  | Received a gift from Nemelex Xobeh
 54095 | Snake:2  | Noticed Vashnia
 54168 | Snake:2  | Killed Vashnia
 54456 | Snake:2  | Received a gift from Nemelex Xobeh
 54993 | Snake:3  | Received a gift from Nemelex Xobeh
 55430 | Snake:3  | Reached XP level 17. HP: 160/160 MP: 28/28
 55437 | Snake:3  | Found Gamy's Book Shoppe.
 55438 | Snake:3  | Found Cezyihonita's Jewellery Shop.
 55442 | Snake:3  | Found Vuumn's Book Shoppe.
 55741 | Snake:3  | Noticed a tentacled monstrosity
 55767 | Snake:3  | Killed a tentacled monstrosity
 56155 | Snake:3  | Noticed a tentacled monstrosity
 56200 | Snake:3  | Killed a tentacled monstrosity
 58114 | Snake:3  | Bought the ring "Wampus" {Will++ MP-9 Dex+3 SInv Stlth+}
                  | for 419 gold pieces
 58132 | Snake:4  | Entered Level 4 of the Snake Pit
 58241 | Snake:4  | Received a gift from Nemelex Xobeh
 59069 | Snake:4  | Found a huge runed translucent gate.
 59087 | Snake:4  | Found a huge runed translucent gate.
 59088 | Snake:4  | Found a huge runed translucent gate.
 59088 | Snake:4  | Found a huge runed translucent gate.
 59088 | Snake:4  | Found a huge runed translucent gate.
 62302 | Snake:4  | Got a serpentine rune of Zot
 62340 | Snake:4  | Reached XP level 18. HP: 171/171 MP: 29/29
 62840 | Shoals:1 | Entered Level 1 of the Shoals
 62840 | Shoals:1 | Received a gift from Nemelex Xobeh
 62971 | Shoals:1 | Received a gift from Nemelex Xobeh
 63183 | Shoals:1 | Found a frozen archway.
 63225 | IceCv    | Entered an ice cave
 64153 | IceCv    | Reached skill level 1 in Evocations
 64524 | IceCv    | Found an ancient bone altar of Kikubaaqudgha.
 65601 | IceCv    | Noticed a lich
 65613 | IceCv    | Killed a lich
 66810 | Shoals:2 | Received a gift from Nemelex Xobeh
 66865 | Shoals:2 | You fall into a shaft and drop 1 floor!
 66865 | Shoals:3 | Noticed Mara
 66869 | Shoals:3 | Noticed Jorgrun
 66896 | Shoals:3 | Killed Jorgrun
 67264 | Shoals:3 | Noticed waq's illusion
 67295 | Shoals:3 | Noticed waq's illusion
 67357 | Shoals:3 | Noticed waq's illusion
 67680 | Shoals:3 | Upgraded the game from 0.31-a0-968-g24f9ace8b5 to
                  | 0.31-a0-971-g75a2e9a4b4
 68703 | Shoals:2 | Reached XP level 19. HP: 147/179 MP: 22/31
 69626 | Shoals:2 | Noticed Mlioglotl
 69886 | Shoals:2 | Killed Mlioglotl
 69887 | Shoals:2 | Reached skill level 5 in Evocations
 70070 | Shoals:2 | Noticed Polyphemus
 70090 | Shoals:2 | Killed Polyphemus
 70609 | Shoals:3 | Identified the serpent talisman "Hillacw" {*Corrode Will+
                  | Str+3 Dex+2}
 70609 | Shoals:3 | Noticed Aizul
 70626 | Shoals:3 | Killed Aizul
 71049 | Shoals:3 | Noticed waq's illusion
 71249 | Shoals:3 | Noticed waq's illusion
 71259 | Shoals:2 | Noticed waq's illusion
 71263 | Shoals:3 | Killed Mara
 71613 | Shoals:4 | Entered Level 4 of the Shoals
 73064 | Shoals:4 | Got a barnacled rune of Zot
 75859 | Vaults:5 | Identified the of Zughymp
 75859 | Depths:1 | Entered Level 1 of the Depths
 75859 | Depths:1 | Found Nefoculo's Armour Emporium.
 76929 | Depths:1 | Bought a +1 cloak of preservation for 280 gold pieces
 77304 | Depths:1 | Received a gift from Nemelex Xobeh
 77452 | Depths:1 | Found a radiant altar of Vehumet.
 77463 | Depths:1 | Identified the +2 hat "Liebu" {Int+4}
 77467 | Depths:1 | Identified the +2 robe "Ifeaqesu" {rCorr Dex+6}
 77499 | Depths:1 | Identified the +1 robe of the Barracuda {Str+4}
 77636 | Depths:1 | Reached XP level 20. HP: 157/189 MP: 23/32
 78021 | Depths:1 | Found a gateway to Hell.
 78309 | Depths:1 | Found Ylyeg's Weapon Shoppe.
 78312 | Depths:1 | Found Aghecs's Jewellery Shoppe.
 78313 | Depths:1 | Received a gift from Nemelex Xobeh
 78313 | Depths:1 | Found Ustuff's Jewellery Shoppe.
 78314 | Depths:1 | Found Niatzomo's Magic Scroll Shoppe.
 78427 | Depths:2 | Identified the "Oheguw"
 80293 | Depths:2 | Found a one-way gate leading to the halls of Pandemonium.
 80940 | Depths:2 | Noticed a golden dragon
 81346 | Depths:1 | Killed a golden dragon
 81673 | Depths:3 | Identified the "Geugo"
 81673 | Depths:3 | Identified the "Lihoiroe"
 82159 | Depths:3 | Received a gift from Nemelex Xobeh
 82897 | Depths:3 | Found a one-way gate to the infinite horrors of the Abyss.
 82937 | Depths:3 | Reached skill level 10 in Dodging
 82967 | Depths:3 | Found a one-way gateway to a ziggurat.
 83109 | Depths:3 | Received a gift from Nemelex Xobeh
 85180 | Depths:3 | Identified the +3 leather armour "Loxamiw" {Harm rF++ Int-4
                  | SInv}
 85357 | Depths:3 | Noticed a juggernaut
 85361 | Depths:3 | Found a runed translucent door.
 85612 | Depths:4 | Entered Level 4 of the Depths
 85612 | Depths:4 | Received a gift from Nemelex Xobeh
 85621 | Depths:4 | Increase (s)trength, (i)ntelligence, or (d)exterity?
 85621 | Depths:4 | Reached XP level 21. HP: 200/200 MP: 25/34
 87411 | Depths:4 | Identified the +2 short sword "Vecuitana" {heavy, rF+
                  | rCorr}
 87418 | Depths:4 | Identified the +0 cloak "Fihis" {rF+ Str+3}
 88983 | Depths:4 | Found a gate to the Realm of Zot.
 90230 | Depths:1 | Bought a scroll of teleportation for 48 gold pieces
 90230 | Depths:1 | Bought a scroll of teleportation for 48 gold pieces
 90230 | Depths:1 | Bought a scroll of revelation for 120 gold pieces
 90230 | Depths:1 | Bought a scroll of revelation for 120 gold pieces
 90230 | Depths:1 | Bought a scroll of butterflies for 64 gold pieces
 90381 | Vaults:1 | Entered Level 1 of the Vaults
 91458 | Vaults:1 | Reached skill level 15 in Armour
 91538 | Vaults:1 | Upgraded the game from 0.31-a0-971-g75a2e9a4b4 to
                  | 0.31-a0-977-gc230f8ef24
 91686 | Vaults:1 | Noticed Zenata
 92087 | Vaults:1 | Zenata changed into Zenata the storm dragon
 92087 | Vaults:1 | Noticed Zenata
 92971 | Vaults:1 | Found Etehaen's Weapon Shop.
 93554 | Vaults:1 | Received a gift from Nemelex Xobeh
 94443 | Vaults:2 | Reached XP level 22. HP: 211/211 MP: 26/35
 94666 | Vaults:2 | Received a gift from Nemelex Xobeh
 94940 | Vaults:2 | Found Borghap's Assorted Antiques.
 95435 | Vaults:2 | Identified the +5 war axe of Amortisation {heavy, Fly Will+
                  | Dex-3}
 95758 | Vaults:2 | Identified the +2 helmet of the Monkey {Harm +Inv rC-
                  | Int-2}
 95846 | Vaults:2 | Received a gift from Nemelex Xobeh
 95886 | Vaults:2 | Upgraded the game from 0.31-a0-977-gc230f8ef24 to
                  | 0.31-a0-978-g1e143483b6
 96189 | Vaults:3 | Received a gift from Nemelex Xobeh
 96920 | Vaults:3 | Noticed Jory
 96949 | Vaults:2 | Killed Jory
 97864 | Vaults:3 | Found a staircase to the Crypt.
 98536 | Vaults:3 | Found a portal to a secret trove of treasure.
 98803 | Trove    | Identified the "Wuller" (Sif Muna gifted it to you in a
                  | treasure trove)
 98803 | Trove    | Identified the "Ufaugich" (Sif Muna gifted it to you in a
                  | treasure trove)
 98803 | Trove    | Identified the "Qekeant" (Sif Muna gifted it to you in a
                  | treasure trove)
 98803 | Trove    | Entered a treasure trove
101159 | Vaults:4 | Noticed Mennas
101184 | Vaults:4 | Killed Mennas
101513 | Vaults:4 | Reached XP level 23. HP: 221/221 MP: 27/36
102190 | Crypt:1  | Entered Level 1 of the Crypt
102878 | Crypt:1  | You fall into a shaft and drop 1 floor!
103875 | Crypt:2  | Noticed Margery
103992 | Crypt:1  | Received a gift from Nemelex Xobeh
104420 | Crypt:1  | Identified the +2 plate armour "Xutaxto" {rC+ Str+2 Dex+2}
104984 | Crypt:1  | Killed Margery
105574 | Crypt:3  | Entered Level 3 of the Crypt
108121 | Crypt:3  | Noticed an ancient lich
108135 | Crypt:3  | Killed an ancient lich
108136 | Crypt:3  | Reached XP level 24. HP: 223/233 MP: 27/36
108165 | Crypt:3  | Found a staircase to the Tomb.
108234 | Crypt:3  | Found an ancient bone altar of Kikubaaqudgha.
108242 | Crypt:3  | Received a gift from Nemelex Xobeh
108265 | Crypt:3  | Identified the +11 orcbow "Jur Fit" {antimagic, rElec}
108267 | Crypt:3  | Identified the +7 shortbow "Cuetinla" {flame, rElec rC+
                  | Dex+3}
108596 | Vaults:5 | Entered Level 5 of the Vaults
110341 | Vaults:5 | Noticed a dread lich
110799 | Vaults:4 | Killed a dread lich
111382 | Vaults:5 | Found the +8 trishula "Condemnation" {holy, anguish, *Noise
                  | Fly rN+}
111599 | Vaults:5 | Identified the +1 morningstar of the Summoning Augurer
                  | {heavy, *Rage Will+ MP+9}
111994 | Vaults:5 | Identified the ring "Vouth" {rElec EV+5 Str+3 Stlth-}
112489 | Vaults:5 | Reached skill level 15 in Dodging
112787 | Vaults:5 | Identified the +2 dire flail "Konue" {drain, Contam rPois
                  | Dex+3 SInv}
113972 | Vaults:5 | Identified the ring of the Hart {Will+ Str+2 Slay+6}
114088 | Vaults:5 | Identified 3 scrolls of acquirement
114346 | Vaults:5 | Identified the +9 whip "Nexif" {speed, rElec rCorr Dex-3}
114773 | Vaults:5 | Identified the staff of the Battered Hosts {Fly rF+ Str+3
                  | Fire}
114922 | Vaults:5 | Got a silver rune of Zot
115478 | D:15     | Acquired a manual of Evocations
115480 | D:15     | Acquired the amulet "Ikhafumm" {Regen+ Stlth+}
115492 | D:15     | Acquired the +2 pair of gloves "Toicaepn" {rC++ Regen+
                  | Dex-2 Stlth+}
115844 | Orc:2    | Bought a potion of might for 64 gold pieces
115866 | Elf:1    | Identified the "Nuskeru"
115866 | Elf:1    | Identified the of Uhicicl Xeas
115866 | Elf:1    | Identified the of Guver
115866 | Elf:1    | Identified the of Aggatobb
115866 | Elf:1    | Identified the of Dottosty
115866 | Elf:1    | Entered Level 1 of the Elven Halls
115867 | Elf:1    | Noticed Agnes
115874 | Elf:1    | Killed Agnes
116940 | Elf:1    | Found Ucuedetu's Magic Scroll Shoppe.
116948 | Elf:1    | Received a gift from Nemelex Xobeh
117014 | Elf:1    | Found Ewkikaume's Antique Armour Boutique.
117209 | Elf:1    | Reached XP level 25. HP: 243/243 MP: 23/36
117618 | Elf:1    | Identified a granite talisman
117618 | Elf:1    | Noticed Roxanne
117788 | Elf:1    | Noticed Donald
117801 | Elf:1    | Killed Donald
118095 | Elf:1    | Found Vilomoosm's General Store.
118215 | Elf:1    | Found Saypipeg's Armour Shoppe.
118394 | Elf:1    | Killed Roxanne
119257 | Elf:2    | Found Qystrisi's Distillery.
119264 | Elf:2    | Bought a potion of curing for 42 gold pieces
119264 | Elf:2    | Bought a potion of heal wounds for 70 gold pieces
119264 | Elf:2    | Bought a potion of might for 56 gold pieces
119264 | Elf:2    | Bought a potion of invisibility for 112 gold pieces
119311 | Elf:2    | Found a huge runed translucent gate.
119311 | Elf:2    | Found a huge runed translucent gate.
119311 | Elf:2    | Found a huge runed translucent gate.
119311 | Elf:2    | Found a huge runed translucent gate.
119311 | Elf:2    | Found a huge runed translucent gate.
119545 | Elf:3    | Entered Level 3 of the Elven Halls
119618 | Elf:3    | Found Nusixaw's CLEARANCE SALE!.
119626 | Elf:3    | Bought a scroll of teleportation for 12 gold pieces
119626 | Elf:3    | Bought a potion of haste for 40 gold pieces
119626 | Elf:3    | Bought a scroll of teleportation for 12 gold pieces
119843 | Elf:3    | Found Vyekez's Magic Scroll Boutique.
119855 | Elf:3    | Identified a dragon-blood talisman
119855 | Elf:3    | Noticed Bai Suzhen
120544 | Elf:3    | Received a gift from Nemelex Xobeh
121267 | Elf:3    | Identified the +9 quarterstaff "Oscheubun" {heavy, *Corrode
                  | rF+ rC+ Int+3}
121271 | Elf:3    | Identified the +7 falchion "Lit Jus" {freeze, rC+}
121396 | Elf:3    | Identified the +9 trident of Oxzyi {vamp, +Blink Str-5
                  | Int+5 SInv}
121628 | Elf:3    | Identified the +8 chain mail "Qaisercho" {Int+3 SInv}
122703 | Elf:3    | Identified a storm talisman
122709 | Elf:3    | Identified the +4 shortbow of Destruction {elec, Int+3
                  | Stlth+}
122878 | Elf:1    | Bought a scroll of revelation for 112 gold pieces
122878 | Elf:1    | Bought a scroll of revelation for 112 gold pieces
122878 | Elf:1    | Bought a scroll of butterflies for 60 gold pieces
122947 | Elf:3    | Bought a scroll of enchant armour for 97 gold pieces
123036 | Elf:1    | Bought a pair of transparent gloves for 332 gold pieces
123036 | Elf:1    | Identified the +0 pair of gloves "Bodewaops" {rPois} (You
                  | bought it in a shop on level 1 of the Elven Halls)
123768 | Snake:3  | Bought a manual of Dodging for 1120 gold pieces
123962 | Zot:3    | Identified the "Laepenit"
123962 | Zot:5    | Identified the of Nesi
123962 | Slime:1  | Entered Level 1 of the Pits of Slime
124194 | Slime:1  | Upgraded the game from 0.31-a0-978-g1e143483b6 to
                  | 0.31-a0-981-geadf994542
124202 | Slime:1  | Found a viscous altar of Jiyva.
124763 | Slime:3  | You are sucked into a shaft and drop 1 floor!
124771 | Slime:4  | Received a gift from Nemelex Xobeh
124884 | Slime:2  | Received a gift from Nemelex Xobeh
125829 | Slime:5  | Identified the "Kiuczuer"
125829 | Slime:5  | Entered Level 5 of the Pits of Slime
126082 | Slime:5  | Noticed the Royal Jelly
126278 | Slime:5  | Reached XP level 26. HP: 233/255 MP: 27/36
126951 | Slime:5  | Found a viscous altar of Jiyva.
127726 | Slime:5  | Killed the Royal Jelly
128187 | Slime:5  | Found the Hermit's Pendant {Faith Invo=14 Evo=0 MP+5}
128345 | Slime:5  | Identified the +2 demon trident of Mer Cunn {venom, Contam
                  | Int+4}
128364 | Slime:5  | Identified the +11 lajatang "Ythrunusch" {speed, rPois
                  | rCorr Int+3 Stlth-}
128369 | Slime:5  | Identified the +7 mace "Tonnisol" {flame, Str+4}
128388 | Slime:5  | Identified the +4 orcbow of the Four Invaders {elec, rF+
                  | Will+}
128422 | Slime:5  | Identified the +1 troll leather armour "Nesolul" {Regen+
                  | Dex+2}
128428 | Slime:5  | Identified the staff "Adariag" {rElec rN+ Air}
128440 | Slime:5  | Identified the +1 war axe of Moqe {drain, rElec MP-9 Str-3
                  | Dex+5}
128442 | Slime:5  | Got a slimy rune of Zot
128444 | Slime:5  | Identified the +1 robe of the Gate {rElec}
128679 | Lair:4   | Killed Zyxuithu's ghost
129205 | D:9      | Bought a ring of resist corrosion for 280 gold pieces
129287 | Orc:2    | Bought 2 potions of resistance for 240 gold pieces
129287 | Orc:2    | Bought a potion of ambrosia for 96 gold pieces
129636 | Zot:1    | Entered Level 1 of the Realm of Zot
129662 | Zot:1    | Received a gift from Nemelex Xobeh
130560 | Zot:2    | Noticed an orb of fire
130952 | Zot:2    | Received a gift from Nemelex Xobeh
131691 | Zot:2    | You are sucked into a shaft and drop 2 floors!
131695 | Zot:4    | Received a gift from Nemelex Xobeh
133672 | Zot:4    | Noticed Vv
134264 | Zot:3    | Identified the +0 robe "Xoemn" {MP+9 Stlth+}
134392 | Zot:3    | Noticed an orb of fire
134394 | Zot:3    | Noticed an orb of fire
134406 | Zot:3    | Killed an orb of fire
134420 | Zot:3    | Killed an orb of fire
134552 | Zot:4    | Noticed Grunn
134613 | Zot:4    | Killed Grunn
134986 | Zot:5    | Entered Level 5 of the Realm of Zot
135042 | Zot:5    | Increase (s)trength, (i)ntelligence, or (d)exterity?
135042 | Zot:5    | Reached XP level 27. HP: 177/266 MP: 27/36
137074 | Zot:5    | Noticed an ancient lich
137098 | Zot:5    | Killed an ancient lich
140003 | Zot:5    | Noticed a dread lich
140040 | Zot:5    | Killed a dread lich
140043 | Zot:5    | Noticed an orb of fire
140044 | Zot:5    | Noticed an orb of fire
140047 | Zot:5    | Noticed an orb of fire
141264 | Zot:4    | Killed Vv
141343 | Zot:5    | Killed an orb of fire
141742 | Zot:5    | Killed an orb of fire
144609 | Zot:5    | Killed an orb of fire
144806 | Zot:5    | Noticed an ancient lich
144825 | Zot:5    | Killed an ancient lich
147254 | Zot:5    | Learned a level 2 spell: Blink
147257 | Zot:5    | Learned a level 2 spell: Lesser Beckoning
147664 | Tomb:3   | Identified the "Oteaziusm"
147664 | Tomb:3   | Identified the of Fishe
147664 | Tomb:3   | Identified the "Luuti"
147664 | Dis:7    | Identified the "Suur"
147664 | Pan      | Entered Pandemonium
147720 | Pan      | Noticed Istyxu Ceck the pandemonium lord
147727 | Pan      | Identified the +0 trident "Putaixt" {drain, Fly rF- Int+9}
147729 | Pan      | Killed Istyxu Ceck the pandemonium lord
147959 | Pan      | Noticed Dazxid the pandemonium lord
148179 | Pan      | Found an exit through the horrors of the Abyss.
148190 | Pan      | Entered the realm of Gloorx Vloq.
148277 | Pan      | Identified the +5 mace of Licipluss {freeze, Stlth+}
148376 | Pan      | Received a gift from Nemelex Xobeh
149321 | Pan      | Reached skill level 27 in Unarmed Combat
149603 | Pan      | Reached skill level 5 in Stealth
149648 | Pan      | Noticed Gloorx Vloq
150569 | Pan      | Killed Gloorx Vloq
150688 | Pan      | Got a dark rune of Zot
150817 | Pan      | Identified the "Zailuin"
150846 | Pan      | Received a gift from Nemelex Xobeh
150855 | Pan      | Upgraded the game from 0.31-a0-981-geadf994542 to
                  | 0.31-a0-983-g7b6862f502
151260 | Pan      | Identified the "Tizxo"
152152 | Pan      | Reached skill level 27 in Fighting
152273 | Pan      | ランダムマークはどうにかならんのかな。 物資は有限なのに。
152516 | Pan      | Noticed Kekh the pandemonium lord
152552 | Pan      | Killed Kekh the pandemonium lord
152635 | Pan      | Got a demonic rune of Zot
152636 | Pan      | Upgraded the game from 0.31-a0-983-g7b6862f502 to
                  | 0.31-a0-986-g5e6e4ef867
152782 | Pan      | Identified the of Yblul
152782 | Pan      | Entered the realm of Mnoleg.
152782 | Pan      | Noticed Mnoleg
152799 | Pan      | Killed Mnoleg
152962 | Pan      | Received a gift from Nemelex Xobeh
154272 | Pan      | Got a glowing rune of Zot
154361 | Pan      | Entered the realm of Lom Lobon.
154645 | Pan      | Found an exit through the horrors of the Abyss.
154691 | Pan      | Identified the +0 buckler of the Devil's Team {Str+3 Dex+3
                  | SInv}
154792 | Pan      | Received a gift from Nemelex Xobeh
155724 | Pan      | Noticed Lom Lobon
155786 | Pan      | Killed Lom Lobon
155873 | Pan      | Got a magical rune of Zot
156004 | Pan      | Identified the of Fid Imim
156004 | Pan      | Entered the realm of Cerebov.
156004 | Pan      | Found an exit through the horrors of the Abyss.
156273 | Pan      | Received a gift from Nemelex Xobeh
156559 | Pan      | Identified an amulet of regeneration
156567 | Pan      | Identified the +1 orcbow "Petontyin" {flame, rPois Will+}
156597 | Pan      | Identified the +1 battleaxe of Isosutt {heavy, *Slow rN+++
                  | Stlth+}
156607 | Pan      | Found the +6 sword of Cerebov {flame}
156607 | Pan      | Noticed Cerebov
156637 | Pan      | Killed Cerebov
156750 | Pan      | Got a fiery rune of Zot
156751 | Pan      | Identified the staff "Ciwut" {Fly rN+ rCorr Str+3 Dex-5
                  | Necro}
156977 | Pan      | Took an exit into the Abyss.
156977 | Abyss:1  | Escaped into the Abyss
156977 | Abyss:1  | Found a hide-covered altar of Uskayaw.
157007 | Abyss:2  | Found a shimmering altar of Xom.
157007 | Abyss:2  | Found a shimmering altar of Xom.
157007 | Abyss:2  | Found a shimmering altar of Xom.
157216 | Abyss:2  | Received a gift from Nemelex Xobeh
157636 | Abyss:4  | Got an abyssal rune of Zot
157709 | Depths:2 | Escaped the Abyss
157869 | Hell     | Entered the Vestibule of Hell
157869 | Hell     | Noticed Geryon
157906 | Hell     | Paralysed by a wendigo for 1 turns
157919 | Hell     | Killed Geryon
158012 | Hell     | Found a gateway to the freezing wastes of Cocytus.
158075 | Hell     | Found a gateway to the ashen valley of Gehenna.
158277 | Hell     | 敵の近くにテレポートする変異もってないのになんで敵の近くに
                  | ランダムテレポートするんだ????????????????
                  | ?????????????????????????????
                  | ?????????????????????????????
                  | ?????????????????
158757 | Hell     | Found a gateway to the decaying netherworld of Tartarus.
159060 | Hell     | Found a gateway to the Iron City of Dis.
159155 | Tar:1    | Entered Level 1 of Tartarus
160334 | Tar:4    | Received a gift from Nemelex Xobeh
160907 | Tar:7    | Entered Level 7 of Tartarus
161524 | Tar:7    | Received a gift from Nemelex Xobeh
161705 | Tar:7    | Identified the +9 falchion of Diet Blood {antimagic, SInv}
161709 | Tar:7    | Identified the +3 scale mail "Baolas" {Drain Regen+ rCorr}
161713 | Tar:7    | Identified the +3 sling "Evvul" {heavy, Str+5}
162421 | Tar:7    | Identified the +1 pair of gloves of the First Snow {rPois
                  | rF+ rN++}
162436 | Tar:7    | Identified the ring "Jejaef" {rPois rN+ Dex-3 Slay+4}
162450 | Tar:7    | Identified the ring "Meug Met" {rC++ rN+ Str+6}
162497 | Tar:7    | Identified the +10 hand axe "Xiudgh" {venom, Will+}
162501 | Tar:7    | Identified the +7 hand axe "Ryekex" {venom, rElec Will-
                  | Int+3 Dex+3}
162560 | Tar:7    | Identified the ring of Laownyl {rPois rN+ Will+}
163017 | Tar:7    | Identified the staff of Conscience {Fragile rF+ Str+7 Fire}
163913 | Tar:7    | Noticed Ereshkigal
163943 | Tar:7    | Killed Ereshkigal
164161 | Tar:7    | Got a bone rune of Zot
164370 | Tar:7    | Received a gift from Nemelex Xobeh
164639 | Coc:1    | Entered Level 1 of Cocytus
165611 | Coc:4    | Learned a level 1 spell: Apportation
165955 | Coc:4    | Paralysed by a wendigo for 1 turns
166292 | Coc:5    | Paralysed by a wendigo for 1 turns
166295 | Coc:5    | Paralysed by a wendigo for 1 turns
166338 | Coc:7    | Entered Level 7 of Cocytus
167562 | Coc:7    | Paralysed by a wendigo for 1 turns
167767 | Coc:7    | Paralysed by a wendigo for 1 turns
168059 | Coc:7    | Paralysed by a wendigo for 1 turns
168729 | Coc:7    | Paralysed by a wendigo for 1 turns
168737 | Coc:7    | Paralysed by a wendigo for 1 turns
168823 | Coc:7    | Received a gift from Nemelex Xobeh
168970 | Coc:7    | Found the +13 scythe of Curses {drain, curses, Drain}
169229 | Coc:7    | Paralysed by a wendigo for 1 turns
169298 | Coc:7    | Identified the ring "Kudock" {rElec EV+5 Str-2 Int+4
                  | Slay+2}
169448 | Coc:7    | Paralysed by a wendigo for 1 turns
171161 | Coc:7    | Noticed Antaeus
171459 | Coc:7    | Killed Antaeus
171637 | Coc:7    | Got an icy rune of Zot
171824 | Geh:1    | Entered Level 1 of Gehenna
172411 | Geh:2    | Found a basalt altar of Yredelemnul.
172498 | Geh:3    | Reached skill level 27 in Invocations
172616 | Geh:3    | Received a gift from Nemelex Xobeh
172723 | Geh:3    | Noticed an ancient lich
172723 | Geh:3    | Noticed a dread lich
172725 | Geh:3    | Noticed an ancient lich
172725 | Geh:3    | Noticed a dread lich
172725 | Geh:3    | Noticed an ancient lich
172725 | Geh:3    | Noticed an ancient lich
172727 | Geh:3    | Noticed an ancient lich
172747 | Geh:3    | Killed an ancient lich
172753 | Geh:3    | Killed a dread lich
172760 | Geh:3    | Killed an ancient lich
172763 | Geh:3    | Killed an ancient lich
172770 | Geh:3    | Killed an ancient lich
172777 | Geh:3    | Killed an ancient lich
172786 | Geh:3    | Killed a dread lich
172902 | Geh:4    | Found a huge runed gate.
172902 | Geh:4    | Found a huge runed gate.
172902 | Geh:4    | Found a huge runed gate.
172902 | Geh:4    | Found a huge runed gate.
172902 | Geh:4    | Found a huge runed gate.
172906 | Geh:4    | Found a huge runed gate.
172907 | Geh:4    | Found a huge runed gate.
173106 | Geh:4    | Found a huge runed gate.
173106 | Geh:4    | Found a huge runed gate.
173106 | Geh:4    | Found a huge runed gate.
173109 | Geh:4    | Found a huge runed gate.
173109 | Geh:4    | Found a huge runed gate.
173109 | Geh:4    | Found a huge runed gate.
173109 | Geh:4    | Found a huge runed gate.
173109 | Geh:4    | Found a huge runed gate.
173249 | Geh:4    | Found a huge runed gate.
173249 | Geh:4    | Found a huge runed gate.
173249 | Geh:4    | Found a huge runed gate.
173252 | Geh:4    | Found a huge runed gate.
173256 | Geh:4    | Found a huge runed gate.
173256 | Geh:4    | Found a huge runed gate.
173256 | Geh:4    | Found a huge runed gate.
173256 | Geh:4    | Found a huge runed gate.
173256 | Geh:4    | Found a huge runed gate.
173256 | Geh:4    | Found a huge runed gate.
173256 | Geh:4    | Found a huge runed gate.
173257 | Geh:4    | Found a huge runed gate.
173258 | Geh:4    | Found a huge runed gate.
173266 | Geh:4    | Found a huge runed gate.
173266 | Geh:4    | Found a huge runed gate.
173266 | Geh:4    | Found a huge runed gate.
173266 | Geh:4    | Found a huge runed gate.
173266 | Geh:4    | Found a huge runed gate.
173266 | Geh:4    | Found a huge runed gate.
173266 | Geh:4    | Found a huge runed gate.
173267 | Geh:4    | Found a huge runed gate.
173967 | Geh:6    | Noticed a dread lich
173974 | Geh:6    | Killed a dread lich
174262 | Geh:6    | Reached skill level 10 in Evocations
174296 | Geh:7    | Entered Level 7 of Gehenna
175325 | Geh:7    | Received a gift from Nemelex Xobeh
175818 | Geh:7    | Found the amulet of the Air {Inacc Air Fly rElec RMsl}
175966 | Geh:7    | Identified the ring "Deuky" {rPois Int+6 Dex+3}
176202 | Geh:7    | Identified the ring "Dittik" {Ice MP-9 Dex+2 SInv}
176217 | Geh:7    | Identified the +0 dagger of the Turnip {chaos, rPois Int+3}
176517 | Geh:7    | Reached skill level 27 in Dodging
176656 | Geh:7    | Found the +13 sceptre of Asmodeus
176656 | Geh:7    | Noticed Asmodeus
176894 | Geh:7    | Killed Asmodeus
176931 | Geh:7    | Got an obsidian rune of Zot
177135 | Dis:1    | Entered Level 1 of the Iron City of Dis
177254 | Dis:1    | Received a gift from Nemelex Xobeh
177279 | Dis:1    | Reached skill level 10 in Stealth
177288 | Dis:1    | Reached skill level 1 in Spellcasting
177288 | Dis:1    | Reached skill level 1 in Translocations
178356 | Dis:7    | Entered Level 7 of the Iron City of Dis
179638 | Dis:7    | Received a gift from Nemelex Xobeh
179858 | Dis:7    | Reached skill level 5 in Translocations
179893 | Dis:7    | Reached skill level 27 in Armour
180051 | Dis:7    | Reached skill level 5 in Spellcasting
181002 | Dis:7    | Reached skill level 15 in Stealth
181008 | Dis:7    | Noticed the Serpent of Hell
181026 | Dis:7    | You miscast Lesser Beckoning.
181055 | Dis:7    | Killed the Serpent of Hell
182034 | Dis:7    | Identified the staff of Reasonable Defence {rPois rF+
                  | Poison}
182072 | Dis:7    | Identified the ring "Dygrual" {rN+ Str+6 Dex+3}
182362 | Dis:7    | Identified the +6 great mace "Racrean Full" {flame, rCorr}
182378 | Dis:7    | Identified the +1 shortbow "Fuwide" {freeze, rCorr Str-5
                  | Dex+5}
182438 | Dis:7    | Identified the +7 orcbow "Hoigoick" {freeze, rN++ Will-}
182662 | Dis:7    | Noticed Dispater
182677 | Dis:7    | Got an iron rune of Zot
183052 | Vaults:2 | Bought 3 scrolls of acquirement for 6708 gold pieces
183052 | Vaults:2 | Bought a potion of cancellation for 344 gold pieces
183147 | Vaults:3 | Acquired 718 gold pieces
183148 | Vaults:3 | Acquired 771 gold pieces
183149 | Vaults:3 | Acquired 958 gold pieces
183239 | Tomb:1   | Entered Level 1 of the Tomb of the Ancients
183249 | Tomb:1   | Received a gift from Nemelex Xobeh
183369 | Tomb:1   | Identified the +3 long sword "Grim" {flame, +Blink rCorr
                  | Stlth+}
184371 | Tomb:1   | Noticed a royal mummy
184384 | Tomb:1   | Killed a royal mummy
184512 | Tomb:1   | Found the +8 storm bow {elec, penet}
184669 | Tomb:2   | Noticed a royal mummy
184669 | Tomb:2   | Noticed a royal mummy
184673 | Tomb:2   | Noticed a royal mummy
184675 | Tomb:2   | Noticed a royal mummy
184989 | Tomb:2   | Killed a royal mummy
184997 | Tomb:2   | Killed a royal mummy
185016 | Tomb:2   | Killed a royal mummy
185043 | Tomb:2   | Killed a royal mummy
185300 | Tomb:2   | You miscast Lesser Beckoning.
185400 | Tomb:2   | Learned a level 4 spell: Manifold Assault
185405 | Tomb:2   | Learned a level 4 spell: Passage of Golubria
185410 | Tomb:2   | Learned a level 4 spell: Vhi's Electric Charge
185411 | Tomb:1   | Noticed a royal mummy
185416 | Tomb:1   | Killed a royal mummy
185430 | Tomb:1   | Noticed a royal mummy
185435 | Tomb:1   | Killed a royal mummy
185436 | Tomb:1   | Reached skill level 1 in Air Magic
185458 | Tomb:1   | Noticed a royal mummy
185475 | Tomb:1   | Killed a royal mummy
185485 | Tomb:1   | Noticed a royal mummy
185488 | Tomb:1   | Noticed a royal mummy
185492 | Tomb:1   | Killed a royal mummy
185492 | Tomb:1   | Noticed a royal mummy
185497 | Tomb:1   | Killed a royal mummy
185503 | Tomb:1   | Killed a royal mummy
185507 | Tomb:1   | Noticed a royal mummy
185518 | Tomb:1   | Killed a royal mummy
185520 | Tomb:1   | Noticed a royal mummy
185523 | Tomb:1   | Noticed a royal mummy
185528 | Tomb:1   | Killed a royal mummy
185529 | Tomb:1   | Noticed a royal mummy
185538 | Tomb:1   | Killed a royal mummy
185539 | Tomb:1   | Reached skill level 10 in Translocations
185544 | Tomb:1   | Killed a royal mummy
185547 | Tomb:1   | Noticed a royal mummy
185554 | Tomb:1   | Killed a royal mummy
185625 | Tomb:1   | Noticed a royal mummy
185642 | Tomb:1   | Killed a royal mummy
185674 | Tomb:1   | Received a gift from Nemelex Xobeh
185674 | Tomb:1   | Noticed a royal mummy
185687 | Tomb:1   | Killed a royal mummy
185707 | Tomb:1   | Noticed a royal mummy
185707 | Tomb:1   | Noticed a royal mummy
185812 | Tomb:1   | Killed a royal mummy
185870 | Tomb:1   | Noticed a royal mummy
185870 | Tomb:1   | Noticed a royal mummy
185874 | Tomb:1   | Noticed a royal mummy
185892 | Tomb:1   | Paralysed by a Zot trap for 3 turns
185909 | Tomb:1   | Killed a royal mummy
186268 | Tomb:1   | Killed a royal mummy
186604 | Tomb:1   | Noticed a royal mummy
186612 | Tomb:1   | Killed a royal mummy
186624 | Tomb:1   | Killed a royal mummy
186691 | Tomb:1   | Killed a royal mummy
187056 | Tomb:1   | Noticed a royal mummy
187137 | Tomb:1   | Killed a royal mummy
187535 | Tomb:3   | Entered Level 3 of the Tomb of the Ancients
187573 | Tomb:3   | Noticed a royal mummy
187592 | Tomb:3   | Noticed a royal mummy
187608 | Tomb:2   | Reached skill level 10 in Spellcasting
187705 | Tomb:3   | Noticed a royal mummy
187717 | Tomb:3   | Killed a royal mummy
187717 | Tomb:3   | Noticed a royal mummy
187723 | Tomb:3   | Noticed a royal mummy
187725 | Tomb:3   | Noticed a royal mummy
187749 | Tomb:3   | Killed a royal mummy
187772 | Tomb:3   | Reached skill level 5 in Air Magic
187772 | Tomb:3   | Noticed a royal mummy
187785 | Tomb:3   | Killed a royal mummy
187799 | Tomb:3   | Killed a royal mummy
187885 | Tomb:3   | Noticed a royal mummy
187900 | Tomb:3   | Killed a royal mummy
187920 | Tomb:3   | Noticed a royal mummy
187938 | Tomb:3   | Killed a royal mummy
188695 | Tomb:3   | Got a golden rune of Zot
189557 | Tomb:3   | Killed a royal mummy
189732 | Tomb:3   | Killed a royal mummy
189866 | Tomb:3   | Killed a royal mummy
190257 | Tomb:3   | You miscast Manifold Assault.
190614 | Tomb:3   | Found the +7 Spriggan's Knife {stab, EV+4 Stlth+}
191429 | Zot:5    | Got the Orb of Zot
191472 | Zot:5    | Noticed Xeyshrea the pandemonium lord
192094 | D:$      | Escaped with the Orb!

Illustrated notes #.....# #......... #########..†@.# ###......... #.........##### #.!.....#### #.........# #.......# #.........# #.......# #.........# #.......# #.........#########.......# #....####2...........###### #....# #...3........# #....# #............#### #.).,* #...............# *,,,,* #######+++####### *,,,,* *,*,#≈...~*,*,* *,,,,*****,*,#≈...~*,*,* ******,,,*,*,#≈...~*,*,* *,,,*,*,#§§.3~*,*,* *,,,*,*,#§§.§§*,*,* Turn 152273 on Pan: ランダムマークはどうにかならんのかな。 物資は有限なのに。

###...######.###3####≈≈....≈~*
##.....######@#.## *#≈≈...≈~*
##.......######[## *#≈≈≈≈≈~*
##..8...8..#* ### *#≈≈≈≈~*
##...#####...#* *#≈≈≈~*
##...8#,,,*8...#* **~~~*
#..####,,,*###..#* **~~*
...#,,*,,,+,,*...** **~*
...#,,**+**,,*,..,** ***
...#,,*,,,+,,*,,,,,**
..8#,,*,,,*,,*8,,,,,**
+###*+*,,,**+***+**,,**
..,,,,*,,,*,,,,,,,*,,,**
..8,,,*,,,*,,,8,,,*,,,,**
....,,*8∩8*,,,,,,,*8,,,,*
#####********************


Turn 158277 on Hell:
敵の近くにテレポートする変異もってないのになんで敵の近くにランダムテレポートするんだ???????????????????????????????????????????????????????????????????????????????????????????

Levels and vault maps discovered:
D:1:      minmay_arrival_shattered_statue, layout_basic
D:2:      layout_basic, serial_forest, infiniplex_forest_straight_2,
          infiniplex_forest_clump_curved, infiniplex_forest_corner_2,
          infiniplex_forest_lined_3, infiniplex_forest_clump_double,
          infiniplex_forest_clump_diagonal, infiniplex_forest_clump_small,
          infiniplex_forest_zigzag_1, infiniplex_forest_straight_3, basic_altar,
          uniq_crazy_yiuf_cottage
D:3:      cheibrodos_helix_gallery, layout_basic, grunt_temple_overflow_open
D:4:      layout_gridville, uniq_robin, uniq_menkaure
D:5:      nicolae_BIG_FREAKIN_CUBE, layout_loops_ring, uniq_grinder
D:6:      layout_cave_pools, minmay_temple_entry_sparse_star
D:7:      layout_rooms, uniq_duvessa
D:8:      layout_cave_pools, david_lair_shrubbed, serial_bayou,
          serial_bayou_ford_a, serial_bayou_pond_e, serial_bayou_lagoon_b,
          serial_bayou_lagoon_a, serial_bayou_pond_e,
          nicolae_shop_i_like_big_books
D:9:      layout_stronghold, grunt_dithmenos_smoke_and_mirrors, orc_0_dummy,
          serial_shops, nicolae_take_the_stairs, nicolae_shop_peninsula, shop,
          st_stairs_11, minmay_orc_keep
D:10:     layout_irregular_city
D:11:     minmay_bloctagon_deflated, layout_basic
D:12:     layout_gridville
D:13:     layout_roguey, gammafunk_ghost_split, serial_park_tiny_1,
          solitary_fountain, okawaru_gym_becter
D:14:     layout_roguey, hangedman_vaults_entry_quadrant_bands, serial_shops,
          shop, chequers_serial_rivers_room_b, hellmonk_guarded_unrand_lears
D:15:     hellmonk_depths_entry_around_the_bend, layout_loops_ring,
          minmay_misc_feat_secret_circle, minmay_three_doors
Lair:1:   layout_loops_ring
Lair:2:   layout_hall_layers
Lair:3:   layout_chaotic_city, elwin_shoals_entry_stream,
          minmay_snake_entry_guardpost_large, uniq_kirke, uniq_nergalle
Lair:4:   layout_gridlike, nicolae_volcano_entry_lava_flow,
          maelrawn_ghost_gauntlet_escape
Lair:5:   gammafunk_lair_ancient_temple, layout_gridlike, slime_entry_1,
          lemuel_fruit_fields
Shoals:1: argonaut_golden_fleece, layout_shoals,
          portal_ice_cave_entry_ugly_swarm, nicolae_shoals_seven_spires,
          nicolae_shoals_enchanted_isle
Shoals:2: layout_shoals, nicolae_shoals_beach_house_on_fowls_legs,
          uniq_polyphemus, uniq_mlioglotl
Shoals:3: layout_shoals, uniq_jorgrun, uniq_mara, uniq_aizul
Shoals:4: shoals_end_hellmonk_holy_island
Snake:1:  cheibrodos_forgotten_conduit, layout_misc_corridors, serial_bayou,
          serial_bayou_lake_a, serial_bayou_pond_a, serial_bayou_pond_a,
          serial_bayou_shore_b, nicolae_shop_unique_rings
Snake:2:  layout_grid_maze, serial_bayou_shore_b, uniq_vashnia
Snake:3:  onia_ninara_swampy_vault, layout_layer_cave, minmay_shop_grove
Snake:4:  johnstein_snake_rune_scales, layout_cave_town, hangedman_venom_bottle
Slime:1:  nicolae_slime_pool, layout_caves, basic_altar
Slime:2:  cheibrodos_slime_lost_civilization_1, layout_caves
Slime:3:  layout_caves
Slime:4:  layout_caves
Slime:5:  slime_pit_nicolae_trefoil
Orc:1:    layout_caves, special_room [special_room_bee], basic_altar,
          serial_shops, shop, shop, minmay_orc_temple_a
Orc:2:    st_orc_rangers, layout_caves, dreamdust_deal_with_the_devil,
          minmay_orc_treasury
Elf:1:    nicolae_elf_arrival_no_cutting_in_line, layout_loops_corners,
          serial_shops, nicolae_shop_stone, shop, shop,
          nicolae_shop_back_alley_shop, minmay_elf_crystal_heptagon,
          uniq_roxanne, uniq_donald, uniq_agnes
Elf:2:    elven_hall_of_blades_hangedman_alternative
          [nicolae_blade_entry_floor_patterns], layout_gridlike, serial_shops,
          nicolae_shop_just_a_little_nook
Elf:3:    minmay_elf_hall_spiked, layout_loops_corners, serial_shops,
          nicolae_shop_real_fake_doors, nicolae_shop_clearance, uniq_bai_suzhen
Vaults:1: v_misc_26, vaults_room_fancy_cross, v_misc_30,
          nicolae_vaults_c_with_doors, nicolae_vaults_tetromino_Z_1,
          nicolae_vaults_mitosis, hangedman_vaults_cutoff, vaults_room_corners,
          nicolae_vaults_taking_the_gang_shopping, nicolae_vaults_rhombus_7,
          nicolae_vaults_little_squares_3, nicolae_vaults_trapezoid_lopsided_3,
          layout_vaults_omnicross, uniq_zenata
Vaults:2: nicolae_vaults_storage_closets_1, ontoclasm_vaults_decontamination,
          v_pattern_3, nicolae_vaults_mini_display_case,
          nicolae_vaults_stand_back, nicolae_vaults_weapon_check,
          nicolae_vaults_sesquioval_fish, layout_vaults_omnigrid, serial_shops,
          shop
Vaults:3: v_alt_pattern_1, nicolae_vaults_back_hallway, v_pattern_4,
          nicolae_vaults_trapezoid_lopsided_1, vaults_dpeg_doors,
          minmay_crypt_entry_vampire_xt, nicolae_vaults_shipping_containers_5,
          vaults_mumra_minichess, vaults_dpeg_emergency_exit,
          nicolae_vaults_network_square, nicolae_vaults_sesquioval_fish,
          nicolae_vaults_variable_pillar_hall, hangedman_vaults_restitches,
          nicolae_vaults_house_3, v_misc_13, layout_vaults_maze_bifur,
          enter_trove_2, uniq_jory
Vaults:4: nicolae_vaults_network_quincunx
          [nicolae_vaults_network_quincunx_subvault,
          nicolae_vaults_network_quincunx_subvault,
          nicolae_vaults_network_quincunx_subvault,
          nicolae_vaults_network_quincunx_subvault,
          nicolae_vaults_network_quincunx_subvault], hangedman_vaults_pinch,
          nicolae_vaults_offset_grid_hallway_1, vaults_room_hallway,
          hangedman_vaults_unwind, vaults_room_octagon, hangedman_vaults_maws,
          nicolae_vaults_tetromino_T_1, v_rooms_6,
          nicolae_vaults_little_squares_1, nicolae_vaults_door_testing_chamber,
          nicolae_vaults_double_plus_1, nicolae_vaults_shipping_containers_4,
          nicolae_vaults_tetromino_Z_2, layout_vaults_omnibox, uniq_mennas
Vaults:5
Crypt:1:  layout_chaotic_city, st_chilly_death, grunt_crypt_arrival_webbed
Crypt:2:  layout_gridlike, ebering_dispersal_statue_hall, uniq_margery
Crypt:3:  cryptofortress_bobbens
Tomb:1
Tomb:2
Tomb:3
Depths:1: layout_forbidden_donut, hangedman_tar_grid_catacomb, serial_shops,
          bzr_entry_islet, shop, grunt_decor_fettered, minmay_shop_grid_forest,
          minmay_tree_intersection, hangedman_abyss_or_decor_slice,
          minivault_15, grunt_tower_of_power
Depths:2: hourglass_vault, layout_basic, serial_bayou, serial_bayou_pond_c,
          serial_bayou_pond_b, serial_bayou_pond_e, serial_bayou_shore_a,
          hell_entry, pan_entry, st_stairs_5
Depths:3: evilmike_marble_ring, layout_gridville, enter_ziggurat_c,
          grunt_hell_entry_dis_grunt, abyss_entry_crystal, pan_entry,
          fountainhead, kennysheep_big_empty_room, minmay_st_funbox,
          nicolae_twisty_statue_hallways
Depths:4: grunt_zot_entry_tricorne, layout_cave_pools, grunt_mini_vestibule,
          minmay_misc_feat_tiny, lemuel_freeze_loot_1
Hell
Dis:1:    layout_gridville
Dis:2:    layout_regular_city
Dis:3:    layout_jigsaw
Dis:4:    layout_gridville
Dis:5:    layout_overlapping_boxes
Dis:6:    layout_subdivisions
Dis:7:    iron_city_of_dis [dis_mu, dis_wall_7], layout_gridville
Geh:1:    layout_gehenna_pools_triple, nicolae_geh_rippling_lava
Geh:2:    layout_gehenna_pools_basic, lemuel_hellish_altar
Geh:3:    layout_gehenna_pools_triple, gehenna_fire_generator,
          nicolae_hells_leichenhalle
Geh:4:    layout_gehenna_pools_triple, not_door_vault_due
Geh:5:    layout_gehenna_lava_caves
Geh:6:    nicolae_geh_i_lava_good_maze [nicolae_geh_lavamaze_orthhalf_recurse,
          nicolae_geh_lavamaze_orthhalf_network]
Geh:7:    geh_grunt
Coc:1:    layout_cocytus_water_paths
Coc:2:    layout_cocytus_water_paths
Coc:3:    layout_cocytus_water_paths
Coc:4:    layout_ice_bergs
Coc:5:    layout_ice_bergs
Coc:6:    layout_cocytus_water_paths
Coc:7:    coc_mu
Tar:1:    layout_catacombs
Tar:2:    nicolae_tar_intersect_combbox, layout_cathedral_of_symmetry
Tar:3:    layout_grid_maze, nicolae_tar_honey_chapel
Tar:4:    layout_grid_maze
Tar:5:    layout_cathedral_of_symmetry
Tar:6:    layout_grid_maze, nicolae_tar_cuneiform_sun
Tar:7:    tar_mu [tar_mu_maze]
Zot:1:    layout_twisted_circle, grunt_megastairs_2
Zot:2:    layout_gridlike, regret_index_zotdec_bone_old,
          regret_index_zotdec_banners, lemuel_elevator, uniq_josephina
Zot:3:    layout_basic
Zot:4:    layout_misc_corridors, regret_index_zot_stipple_split,
          lemuel_baited_zot_trap, uniq_vv, uniq_grunn
Zot:5:    layout_basic, grunt_ministairs_6

Skill      XL: |  1  2  3  4  5  6  7  8  9 10 11 12 13 14 15 16 17 18 19 20 21 22 23 24 25 26 27 |
---------------+----------------------------------------------------------------------------------+-----
Dodging        | 2 4 7 8 10 11 13 14 15 17 19 27 | 27.0
Unarmed Combat | 1 2 3 4 5 7 8 10 11 13 14 15 16 17 18 19 20 21 22 23 24 25 27 | 27.0
Armour         | 1 2 4 6 7 8 9 10 11 12 13 14 15 16 17 18 19 20 27 | 27.0
Fighting       | 3 4 5 6 7 9 10 12 13 14 15 16 17 18 19 20 21 22 23 24 25 27 | 27.0
Invocations    | 1 2 3 5 6 8 10 11 12 14 15 16 17 18 19 20 27 | 27.0
Evocations     | 4 5 13 | 13.2
Stealth        | 21 | 21.6
Spellcasting   | 11 | 11.0
Translocations | 11 | 11.9
Air Magic      | 6 |  6.6
Ranged Weapons | |  3.6

Action                     |  1- 3 |  4- 6 |  7- 9 | 10-12 | 13-15 | 16-18 | 19-21 | 22-24 | 25-27 || total
---------------------------+-------+-------+-------+-------+-------+-------+-------+-------+-------++-------
  Melee: Unarmed           |       |    96 |   389 |   742 |  1268 |  1772 |  1809 |  2115 |  7765 || 15956
         Punch             |       |     6 |    11 |    47 |   139 |   252 |   366 |   489 |  2135 ||  3445
         Flail             |       |    22 |       |       |       |       |       |       |       ||    22
   Fire: Shortbow          |   131 |   201 |    97 |   152 |   262 |   292 |   163 |     7 |   136 ||  1441
         Orcbow            |       |       |       |       |       |       |       |     5 |     4 ||     9
  Throw: Dart              |       |       |    17 |    87 |   116 |    20 |     5 |     2 |    32 ||   279
         Throwing net      |       |       |     1 |       |       |       |       |       |       ||     1
         Javelin           |       |       |       |       |       |     8 |     7 |    11 |    96 ||   122
   Cast: Manifold Assault  |       |       |       |       |       |       |       |       |    82 ||    82
         Lesser Beckoning  |       |       |       |       |       |       |       |       |    80 ||    80
         Apportation       |       |       |       |       |       |       |       |       |     9 ||     9
 Invoke: Draw Destruction  |       |       |     6 |    10 |    15 |    16 |    18 |    21 |    10 ||    96
         Draw Summoning    |       |       |     1 |     1 |       |     2 |     3 |     4 |     5 ||    16
         Draw Escape       |       |       |     1 |       |       |       |       |       |       ||     1
         Deal Four         |       |       |       |     4 |     4 |     4 |     4 |     1 |    10 ||    27
         Draw Stack        |       |       |       |       |     1 |     4 |     5 |     2 |    22 ||    34
         Stack Five        |       |       |       |       |     1 |     1 |     1 |       |     4 ||     7
  Evoke: Wand              |       |       |    11 |    14 |    18 |    29 |    43 |     3 |    61 ||   179
         Lightning rod     |       |       |       |       |     9 |     4 |       |       |     4 ||    17
         Phial of floods   |       |       |       |       |     1 |       |       |       |       ||     1
         Phantom mirror    |       |       |       |       |       |       |       |     1 |     4 ||     5
         Box of beasts     |       |       |       |       |       |       |       |     1 |     3 ||     4
         Horn of Geryon    |       |       |       |       |       |       |       |       |     1 ||     1
    Use: Scroll            |       |       |     6 |     4 |    17 |    14 |     7 |    11 |    60 ||   119
         Potion            |       |       |       |       |       |       |     2 |    10 |    54 ||    66
   Stab: Paralysed         |       |       |    20 |       |       |       |       |       |       ||    20
         Sleeping          |       |       |     1 |     1 |       |       |       |       |    25 ||    27
         Invisible         |       |       |       |       |       |     3 |     5 |       |     1 ||     9
         Distracted        |       |       |       |       |       |     1 |       |       |    41 ||    42
         Petrified         |       |       |       |       |       |       |       |       |     8 ||     8
         Petrifying        |       |       |       |       |       |       |       |       |     5 ||     5
 Armour: Leather armour    |    47 |    76 |       |       |       |       |       |       |       ||   123
         Chain mail        |       |    66 |       |       |   492 |  1440 |  1505 |  1236 |       ||  4739
         Ring mail         |       |    34 |   341 |   531 |   507 |       |       |       |       ||  1413
         Steam dragon scal |       |       |       |     6 |       |       |       |       |       ||     6
         Plate armour      |       |       |       |       |       |       |       |    31 |   532 ||   563
         Fire dragon scale |       |       |       |       |       |       |       |       |  3076 ||  3076
  Dodge: Dodged            |    58 |   139 |   270 |   386 |   653 |   738 |   779 |   949 |  6689 || 10661
  Block: Other             |       |       |       |       |   263 |   331 |   280 |   295 |       ||  1169
         Reflection        |       |       |       |       |    35 |    44 |    21 |    13 |       ||   113

Table legend: (Time is in decaauts)
 A = Elapsed time spent in this place.
 B = Non-inter-level travel time spent in this place.
 C = Inter-level travel time spent in this place.
 D = Time resting spent in this place.
 E = Time spent auto-exploring this place.
 F = Levels seen in this place.
 G = Mean time per level.
                   A        B        C        D        E       F      G
               +--------+--------+--------+--------+--------+-----+--------+
         Total | 186514 | 174632 |  11882 |  91745 |  27182 | 106 | 1759.6 |
       Dungeon |  34936 |  31325 |   3611 |  16874 |   8427 |  15 | 2329.1 |
          Lair |  17127 |  16237 |    890 |  10153 |   3080 |   5 | 3425.4 |
        Shoals |   9967 |   9870 |     97 |   5880 |    140 |   4 | 2491.8 |
     Snake Pit |  12045 |  11476 |    569 |   5677 |   3114 |   4 | 3011.2 |
    Slime Pits |   4405 |   4135 |    270 |   1970 |    501 |   5 |  881.0 |
  Orcish Mines |   3322 |   3023 |    299 |   1270 |    744 |   2 | 1661.0 |
   Elven Halls |   6642 |   6018 |    624 |   2149 |   1744 |   3 | 2214.0 |
        Vaults |  18248 |  16466 |   1782 |   8992 |   3676 |   5 | 3649.6 |
         Crypt |   6022 |   5706 |    316 |   2455 |    639 |   3 | 2007.3 |
          Tomb |   7327 |   7028 |    299 |   4155 |    387 |   3 | 2442.3 |
        Depths |  14037 |  12653 |   1384 |   7318 |   1160 |   4 | 3509.2 |
          Hell |   1371 |   1159 |    212 |    223 |      0 |   1 | 1371.0 |
           Dis |   5178 |   5027 |    151 |   2517 |      0 |   7 |  739.7 |
       Gehenna |   4850 |   4652 |    198 |   1932 |     49 |   7 |  692.9 |
       Cocytus |   6811 |   6637 |    174 |   3657 |      0 |   7 |  973.0 |
      Tartarus |   4960 |   4749 |    211 |   1269 |   1358 |   7 |  708.6 |
           Zot |  17424 |  16631 |    793 |  10518 |    654 |   5 | 3484.8 |
         Abyss |    637 |    637 |      0 |     56 |      6 |   4 |  159.2 |
   Pandemonium |   8628 |   8628 |      0 |   3179 |   1443 |  13 |  663.7 |
         Trove |     86 |     86 |      0 |      0 |     52 |   1 |   86.0 |
      Ice Cave |   2480 |   2480 |      0 |   1494 |      8 |   1 | 2480.0 |
               +--------+--------+--------+--------+--------+-----+--------+

Top non-repeatable levels by time:
   Zot:5: 11346 daAuts
   Coc:7: 5201 daAuts
    D:15: 4866 daAuts
Vaults:4: 4561 daAuts
Vaults:3: 4342 daAuts
Depths:2: 4245 daAuts
  Lair:3: 4139 daAuts
   Dis:7: 4051 daAuts
 Snake:4: 3958 daAuts
Shoals:3: 3824 daAuts
    D:14: 3743 daAuts
  Lair:5: 3704 daAuts
Vaults:5: 3623 daAuts
  Lair:1: 3593 daAuts
Depths:4: 3571 daAuts
